 Dungeon Crawl Stone Soup version 0.31-a0-300-g4ac5daa9c1 (webtiles) character file.

Game seed: 3024227555751467320

15790463 Koushar the Sabretooth (level 27, 149/149 HPs)
             Began as a Felid Shapeshifter on July 16, 2023.
             Was the Champion of Jiyva.
             Escaped with the Orb
             ... and 15 runes on July 17, 2023!
             The game lasted 07:05:27 (98965 turns).

Koushar the Sabretooth (Felid Shapeshifter)        Turns: 98965, Time: 07:05:27

Health: 149/149    AC: 20    Str:  7    XL:     27
Magic:  40/50      EV: 66    Int: 27    God:    Jiyva [******]
Gold:   11883      SH:  0    Dex: 18    Spells: 22/71 levels left
                                        Lives:  1   Deaths: 4

rFire   + +          +
                       - Unarmed
rCold   + + +        (shield unavailable)
rNeg    + . .        (body armour unavailable)
rPois   ∞            (helmet unavailable)
rElec   +            (cloak unavailable)
rCorr   +            (gloves unavailable)
SInv    +            (boots unavailable)
Will    +++++        I - amulet of Winnupoi {Acrobat rC++ Will++ Dex-5}
Stlth   +++          S - ring "Dotayle" {Wiz *Corrode rF+++ rN+ Dex-2}
HPRegen 4.44/turn    X - ring of Jipeace {Wiz rC+ rCorr Slay+2}
MPRegen 0.82/turn

%: corrode self (3%), acrobat, clarity, wizardry (x2)
@: storm-form, flying, studying 3 skills
A: cleaving, insubstantial, flying, very small, (claws 1), (fangs 3), see
invisible, (speed 1), (shaggy fur 3), (stealthy paws), no weapons or thrown
items, no armour, multi-lived, (antennae 1), agile 2, clarity, clever 2, (cold
resistance 1), regeneration 3, wild magic 2, (eyeballs 1), evolution 1, (jelly
absorbing missiles)
0: Orb of Zot
}: 15/15 runes: barnacled, slimy, silver, golden, iron, obsidian, icy, bone,
abyssal, demonic, glowing, magical, fiery, dark, gossamer
a: Blinkbolt, Begin Untransformation, Renounce Religion, Oozemancy, Slimify


You escaped.
You worshipped Jiyva.
Jiyva was exalted by your worship.
You were a lightning-filled tempest!
You visited 18 branches of the dungeon, and saw 87 of its levels.
You visited Pandemonium 1 time, and saw 20 of its levels.
You visited the Abyss 2 times.
You visited 2 bazaars.
You also visited: Ice Cave, Volcano, Wizlab and Desolation.

You collected 30829 gold pieces.
You spent 13499 gold pieces at shops.
You paid 5447 gold pieces to Gozag.

Inventory:

Jewellery
 a - the macabre finger necklace {Finger+ rN+}
   (You found it on level 5 of the Pits of Slime)

   [amulet of nothing]

   Finger+:   It enables you to equip an extra ring.
   rN:        It protects you from negative energy.
 B - the ring "Fudost" {Wiz *Slow rN++}
   (You took it off a deep elf death mage on level 3 of the Elven Halls)

   [ring of wizardry]

   It improves your spell success rate.
   rN:        It greatly protects you from negative energy.
   *Slow:     It may slow you when you take damage.
 G - the amulet of Ducujot {Reflect rPois Will++ Str-5 SH+5}
   (You found it in Pandemonium)

   [amulet of reflection]

   It reflects blocked missile attacks.
   Str:       It affects your strength (-5).
   rPois:     It protects you from poison.
   SH:        It affects your SH (+5).
   Will:      It greatly increases your willpower.
 I - the amulet of Winnupoi (around neck) {Acrobat rC++ Will++ Dex-5}
   (You took it off a centaur on level 9 of the Dungeon)

   [amulet of the acrobat]

   It increases your evasion while moving and waiting.
   Dex:       It affects your dexterity (-5).
   rC:        It greatly protects you from cold.
   Will:      It greatly increases your willpower.
 K - the ring of Peugumixt {rN+ MP+9 EV+5}
   (You found it on level 3 of the Tomb of the Ancients)

   [ring of evasion]

   EV:        It affects your evasion (+5).
   rN:        It protects you from negative energy.
   MP:        It affects your magic capacity (+9).
 L - the ring of Teninesoi {rF+ rC+++ rN+ rCorr Int-5}
   (You acquired it in Pandemonium)

   [ring of protection from fire]

   Int:       It affects your intelligence (-5).
   rF:        It protects you from fire.
   rC:        It renders you almost immune to cold.
   rN:        It protects you from negative energy.
   rCorr:     It protects you from acid and corrosion.
 S - the ring "Dotayle" (left paw) {Wiz *Corrode rF+++ rN+ Dex-2}
   (You found it in the Desolation of Salt)

   [ring of wizardry]

   It improves your spell success rate.
   Dex:       It affects your dexterity (-2).
   rF:        It renders you almost immune to fire.
   rN:        It protects you from negative energy.
   *Corrode:  It may corrode you when you take damage.
 X - the ring of Jipeace (right paw) {Wiz rC+ rCorr Slay+2}
   (You bought it in a shop on level 8 of the Dungeon)

   [ring of wizardry]

   It improves your spell success rate.
   Slay:      It affects your accuracy & damage with ranged weapons and melee
   (+2).
   rC:        It protects you from cold.
   rCorr:     It protects you from acid and corrosion.
 Z - the amulet "Kairghel" {RegenMP Regen+}
   (You found it on level 5 of the Vaults)

   [amulet of magic regeneration]

   It increases your rate of magic regeneration.
   Regen:     It increases your rate of health regeneration.
Talismans
 k - a granite talisman
 t - a talisman of death
 w - a dragon-blood talisman
 V - a storm talisman
Wands
 r - a wand of mindburst (79)
 A - a wand of digging (16)
 Q - a wand of acid (62)
 W - a wand of paralysis (77)
Scrolls
 c - 2 scrolls of blinking
 g - 10 scrolls of immolation
 l - 34 scrolls of teleportation
 m - 16 scrolls of amnesia
 n - 6 scrolls of revelation
 o - 9 scrolls of poison
 y - 15 scrolls of fear
 C - 3 scrolls of silence
 D - 6 scrolls of butterflies
 M - 12 scrolls of fog
 N - 6 scrolls of torment
 Y - 4 scrolls of vulnerability
Potions
 d - a potion of mutation
 e - 2 potions of haste
 h - 5 potions of resistance
 i - 10 potions of brilliance
 p - a potion of heal wounds
 q - 4 potions of invisibility
 s - 13 potions of berserk rage
 u - 14 potions of enlightenment
 v - 26 potions of curing
 x - 8 potions of attraction
 z - 13 potions of might
 E - 11 potions of ambrosia
 H - 8 potions of magic
 O - 10 potions of cancellation
Miscellaneous
 f - a figurine of a ziggurat
 j - the horn of Geryon
 F - a condenser vane
 J - a lightning rod (4/4)
 R - a phantom mirror
 T - a box of beasts
 U - a phial of floods


   Skills:
 O Level 27 Fighting
 O Level 27 Dodging
 - Level 19.1 Stealth
 O Level 27 Unarmed Combat
 + Level 22.7 Spellcasting
 * Level 24.3 Summonings
 O Level 27 Necromancy
 O Level 27 Translocations
 - Level 4.5 Transmutations
 - Level 14.8 Evocations
 O Level 27 Shapeshifting


You had 22 spell levels left.
You knew the following spells:

 Your Spells              Type           Power      Damage    Failure   Level
a - Wereblood             Tmut           73%        N/A       1%          2
b - Blink                 Tloc           100%       N/A       1%          2
c - Death Channel         Necr           68%        N/A       1%          6
d - Dispersal             Tloc           68%        N/A       1%          6
e - Passage of Golubria   Tloc           100%       N/A       1%          4
f - Dragon's Call         Summ           65%        N/A       3%          9
g - Enfeeble              Hex            24%        N/A       95%         7
k - Death's Door          Necr           68%        N/A       1%          9
z - Manifold Assault      Tloc           100%       N/A       1%          4

Your spell library contained the following spells:

 Spells                   Type           Power      Damage    Failure   Level
 Apportation              Tloc           100%       N/A       1%          1
 Foxfire                  Conj/Fire      100%       2x1d9     1%          1
 Freeze                   Ice            100%       1d10      1%          1
 Magic Dart               Conj           100%       1d8       1%          1
 Necrotise                Necr           100%       1d9       1%          1
 Sandblast                Erth           98%        2d20      1%          1
 Sting                    Tmut/Pois      100%       1d8       1%          1
 Summon Small Mammal      Summ           100%       N/A       1%          1
 Call Imp                 Summ           100%       N/A       1%          2
 Cigotuvi's Dreadful Rot  Necr/Pois/Air  100%       N/A       1%          2
 Ensorcelled Hibernation  Hex/Ice        98%        N/A       1%          2
 Lesser Beckoning         Tloc           100%       N/A       1%          2
 Momentum Strike          Conj/Tloc      100%       3d10      1%          2
 Passwall                 Tmut/Erth      51%        N/A       1%          2
 Poisonous Vapours        Pois/Air       98%        N/A       1%          2
 Scorch                   Fire           98%        2d9       1%          2
 Searing Ray              Conj           98%        2d8       1%          2
 Static Discharge         Conj/Air       98%        2-7/arc   1%          2
 Call Canine Familiar     Summ           100%       N/A       1%          3
 Gell's Gravitas          Tloc           100%       N/A       1%          3
 Ignite Poison            Fire/Tmut/Pois 58%        N/A       1%          3
 Summon Guardian Golem    Hex/Summ       100%       N/A       1%          3
 Teleport Other           Tloc           100%       N/A       1%          3
 Vampiric Draining        Necr           100%       2d13      1%          3
 Vhi's Electric Charge    Tloc/Air       100%       N/A       1%          3
 Volatile Blastmotes      Fire/Tloc      100%       2d18      1%          3
 Anguish                  Hex/Necr       52%        N/A       1%          4
 Animate Dead             Necr           100%       N/A       1%          4
 Dispel Undead            Necr           100%       3d31      1%          4
 Iskenderun's Mystic Bla  Conj/Tloc      100%       2d19      1%          4
 Summon Ice Beast         Ice/Summ       100%       N/A       1%          4
 Summon Lightning Spire   Summ/Air       100%       N/A       1%          4
 Agony                    Necr           100%       N/A       1%          5
 Borgnjor's Vile Clutch   Necr/Erth      52%        N/A       1%          5
 Summon Forest            Summ/Tloc      67%        N/A       1%          5
 Summon Mana Viper        Hex/Summ       100%       N/A       1%          5
 Simulacrum               Ice/Necr       52%        N/A       1%          6
 Summon Cactus Giant      Summ           65%        N/A       1%          6
 Haunt                    Necr/Summ      67%        N/A       1%          7
 Malign Gateway           Summ/Tloc      67%        N/A       1%          7
 Monstrous Menagerie      Summ           65%        N/A       1%          7
 Summon Hydra             Summ           65%        N/A       1%          7
 Borgnjor's Revivificati  Necr           68%        N/A       1%          8
 Disjunction              Tloc           68%        N/A       1%          8
 Infestation              Necr           68%        N/A       1%          8
 Summon Horrible Things   Summ           65%        N/A       1%          8
 Confusing Touch          Hex            49%        N/A       2%          3
 Dazzling Flash           Conj/Hex       98%        N/A       2%          3
 Frozen Ramparts          Ice            98%        1d15      2%          3
 Hailstorm                Conj/Ice       49%        3d11      2%          3
 Inner Flame              Hex/Fire       49%        N/A       2%          3
 Mephitic Cloud           Conj/Pois/Air  49%        N/A       2%          3
 Ozocubu's Armour         Ice            49%        N/A       2%          3
 Stone Arrow              Conj/Erth      98%        3d13      2%          3
 Swiftness                Air            49%        N/A       2%          3
 Tukima's Dance           Hex            49%        N/A       2%          3
 Petrify                  Tmut/Erth      62%        N/A       3%          4
 Spellforged Servitor     Conj/Summ      50%        N/A       4%          7
 Airstrike                Air            24%        2d(4-20)  7%          4
 Cause Fear               Hex            24%        N/A       7%          4
 Flame Wave               Conj/Fire      49%        2d12      7%          4
 Fulminant Prism          Conj/Hex       24%        3d12      7%          4
 Leda's Liquefaction      Hex/Erth       24%        N/A       7%          4
 Olgreb's Toxic Radiance  Pois           49%        N/A       7%          4
 Sticky Flame             Conj/Fire      49%        2d7       7%          4
 Alistair's Intoxication  Tmut/Pois      41%        N/A       7%          5
 Irradiate                Conj/Tmut      31%        3d22      7%          5
 Yara's Violent Unravell  Hex/Tmut       31%        3d13      7%          5
 Arcjolt                  Conj/Air       24%        1d34      16%         5
 Fireball                 Conj/Fire      24%        3d11      16%         5
 Freezing Cloud           Conj/Ice/Air   24%        6-21      16%         5
 Iskenderun's Battlesphe  Conj           49%        2d10      16%         5
 Lee's Rapid Deconstruct  Erth           24%        3d13*     16%         5
 Metabolic Englaciation   Hex/Ice        24%        N/A       16%         5
 Silence                  Hex/Air        24%        N/A       16%         5
 Eringya's Noxious Bog    Tmut/Pois      31%        4d6       28%         6
 Conjure Ball Lightning   Conj/Air       24%        3x3d7     52%         6
 Leda's Unmaking          Conj/Erth      24%        9d5       52%         6
 Plasma Beam              Fire/Air       24%        2x1d36    52%         6
 Starburst                Conj/Fire      24%        6d8       52%         6
 Orb of Destruction       Conj           24%        9d9       95%         7
 Ozocubu's Refrigeration  Ice            24%        4d12      95%         7
 Discord                  Hex            24%        N/A       100%        8
 Ignition                 Fire           24%        3d8       100%        8
 Lehudib's Crystal Spear  Conj/Erth      24%        10d7      100%        8
 Maxwell's Capacitive Co  Air            24%        ∞         100%        8
 Chain Lightning          Conj/Air       24%        3d32      100%        9
 Polar Vortex             Ice            24%        12d3*     100%        9
 Sublimation of Blood     Necr           Unusable   N/A       N/A         2
 Portal Projectile        Hex/Tloc       Unusable   N/A       N/A         3
 Animate Armour           Summ/Erth      Unusable   N/A       N/A         4

Dungeon Overview and Level Annotations

Branches:
Dungeon (15/15)            Temple (1/1) D:5            Lair (5/5) D:8
 Shoals (4/4) Lair:3       Spider (4/4) Lair:3        Slime (5/5) Lair:4
    Orc (2/2) D:12            Elf (3/3) Orc:2        Vaults (5/5) D:14
  Crypt (3/3) Vaults:2       Tomb (3/3) Crypt:3      Depths (4/4) D:15
   Hell (visited)             Dis (7/7) Hell            Geh (7/7) Hell
    Coc (7/7) Hell            Tar (7/7) Hell            Zot (5/5) Depths:4
  IceCv (visited)         Volcano (visited)          WizLab (visited)
Desolation (visited)

Altars:
Cheibriados
Dithmenos
Elyvilon
Fedhas
Gozag
Hepliaklqana
Kikubaaqudgha
Makhleb
Nemelex Xobeh
Okawaru
Qazlal
Ru
Sif Muna
Uskayaw
Vehumet
Wu Jian
Xom
Yredelemnul
The Shining One
Jiyva

Shops:
D:8 ::?:==   D:9 !*   Orc:1 [   Orc:2 ==[[[=?:(   Shoals:3 (   Shoals:4 *
Vaults:1 (   Vaults:2 !?   Vaults:3 *[**:   Vaults:4 !((   Zot:1 *

Portals:
Hell: Depths:1 Depths:2 Depths:3 Depths:4
Abyss: Depths:2 Depths:3
Pandemonium: Depths:2
Ziggurat: Depths:2

Annotations:
Slime:5 Royal Jelly


Innate Abilities, Weirdness & Mutations

You are a lightning-filled tempest!
Your electrical attacks strike out in all directions at once.
You are incredibly evasive.
Your insubstantial body is immune to petrification, constriction, and being set on fire You are flying.
You are immune to poison.
((You have sharp claws.))
((You have razor-sharp teeth.))
You have supernaturally acute eyesight. (SInv)
((You cover ground quickly. (Speed+)))
((Your thick and shaggy fur keeps you warm. (AC +3, rC+)))
((Your paws help you pounce on unaware monsters.))
You are incapable of wielding weapons or throwing items.
You cannot wear armour.
You gain extra lives every three experience levels.
((You have a pair of small antennae on your head.))
You are very agile. (Dex +8, Str/Int -2)
You possess an exceptional clarity of mind.
Your mind is very acute. (Int +8, Str/Dex -2)
((Your flesh is cold resistant. (rC+)))
You regenerate.
Your spells are harder to cast, but more powerful.
((Your body has grown eyes which may confuse attackers. (Acc +3)))
You have hidden genetic potential.
((You have a small jelly attached to you that may absorb projectiles.))


Message History

There is a stone staircase leading up here.
You fly upwards.
There is a stone staircase leading down here.
An ice devil comes into view.
The ice devil completely misses you.
There is a stone staircase leading up here.
You blast the ice devil!!!
You kill the ice devil!
You fly upwards.
There is a stone staircase leading down here.
There is a stone staircase leading up here.
You fly upwards.
There is a stone staircase leading down here.
A green death comes into view.
A lich comes into view.
The lich gestures wildly while chanting.
The lich flickers and vanishes for a moment.
Haetutta comes into view.
There is a staircase leading out of the dungeon here.
Casting: Manifold Assault (safe; 1% risk of failure)
Confirm with . or Enter, or press ? or * to list all spells.
Space momentarily warps into an impossible shape!
You hit the lich.
You blast the green death!!!!
Lightning courses through the green death!
You kill the green death!
Casting: Manifold Assault (safe; 1% risk of failure)
Confirm with . or Enter, or press ? or * to list all spells.
Space momentarily warps into an impossible shape!
You blast the lich!!!
You buffet Haetutta!
Casting: Manifold Assault (safe; 1% risk of failure)
Confirm with . or Enter, or press ? or * to list all spells.
Space momentarily warps into an impossible shape!
You blast the lich!!!!
You destroy the lich!
You completely miss Haetutta.
Press: ? - help, v - describe, . - travel
Here: Haetutta (lightly wounded)
The floor.
Haetutta gestures.
You have escaped!

###.##..#..###..........######.##
.##.##.###.###..............#....
....#..# #...#....##..L...#......
#.....## #.#.##..#####.#.###.....
#####.# #.#.##.## ###*.####..[.
#.# #.#.##..# ##.*.....##... #.#
#.#.#...###.&.......#... ###.##
#...##........*.#....... #....#
#...#..v......####...... #....#
#...#........#####....## #....#
#.......##....##....#...
#....####.....#####.......##...
#..........#...# ##......#...#
#....####..##..## ##....##....
#.......##..#...# ##....#..###
#...........##..####....##.## #
#.....###....#........###..####


You could see Haetutta and 3 ball lightnings.

Vanquished Creatures
  Cerebov (Pan)
  Asmodeus (Geh:7)
  Ereshkigal (Tar:7)
  Gloorx Vloq (Pan)
  A seraph (Pan)
  Lom Lobon (Pan)
  the Serpent of Hell (Coc:7)
  Mnoleg (Pan)
  13 ancient liches
  11 dread liches
  Dispater (Dis:7)
  11 pandemonium lords (Pan)
  8 orbs of fire
  6 juggernauts
  Josephina (Zot:3)
  27 royal mummies
  Sojobo (Crypt:3)
  11 shard shrikes
  6 Killer Klowns
  Margery (Crypt:3)
  Saint Roka (Elf:2)
  2 curse toes
  Xtahua (Depths:3)
  34 caustic shrikes
  Geryon (Hell)
  14 golden dragons
  2 pearl dragons (Pan)
  11 profane servitors
  20 bone dragons
  24 Brimstone Fiends
  17 Tzitzimimeh
  16 iron giants
  12 doom hounds
  6 electric golems
  A spectral shard shrike (Tar:4)
  20 tentacled monstrosities
  21 Ice Fiends
  5 hellephants
  26 Hell Sentinels
  29 Orb Guardians
  15 liches
  Jorgrun (Shoals:1)
  A walking earthen tome (Depths:3)
  2 deep elf blademasters (Elf:3)
  15 searing wretches
  16 tainted leviathans
  16 titans
  2 walking divine tomes (Depths:2)
  Grunn (Crypt:3)
  Murray (Hell)
  21 Executioners
  6 quicksilver dragons
  11 sphinxes
  12 acid blobs
  The ghost of FlatIsJustice the Eclecticist, an adept DEFE of Vehumet (Vaults:2)
  A kraken (Shoals:3)
  2 deep elf master archers (Elf:3)
  Frances (D:12)
  Polyphemus (Shoals:2)
  3 eldritch tentacles
  A walking frostbound tome (Depths:2)
  13 death cobs
  17 ancient champions
  7 tentacled starspawn
  Agnes (Spider:2)
  6 tengu reavers
  Donald (Spider:1)
  6 revenants
  17 shadow dragons
  Aizul (Depths:2)
  21 storm dragons
  13 draconian monks
  29 fire giants
  5 demonspawn warmongers (Pan)
  8 azure jellies
  9 draconian knights
  24 narguns
  Ilsuiw (Shoals:2)
  13 daevas (Pan)
  Roxanne (Spider:2)
  8 rockslimes
  17 quicksilver elementals
  3 deep elf sorcerers
  22 vault wardens
  17 frost giants
  3 iron dragons
  4 emperor scorpions
  10 draconian scorchers
  33 balrugs
  3 curse skulls
  17 ghost moths
  A spectral caustic shrike (Tar:4)
  19 angels (Pan)
  9 draconian shifters
  A juggernaut zombie (Tar:7)
  2 shard shrike simulacra (Coc:7)
  2 spectral juggernauts
  17 ironbound preservers
  6 imperial myrmidons (Desolation)
  5 deep elf elementalists
  2 orc warlords
  16 cacodemons
  8 draconian annihilators
  4 spriggan defenders
  2 ghouls (Crypt:2)
  14 formless jellyfish
  8 demonspawn corrupters (Pan)
  2 juggernaut skeletons
  21 very ugly things
  4 demonspawn blood saints (Pan)
  35 war gargoyles
  8 ironbound thunderhulks
  2 caustic shrike skeletons
  10 draconian stormcallers
  19 green draconians
  20 apis (Pan)
  11 ophanim (Pan)
  22 reapers
  12 quicksilver oozes
  A broodmother (Spider:3)
  22 stone giants
  8 demonspawn black suns
  11 vampire knights
  18 yellow draconians
  17 purple draconians
  6 black draconians
  4 deep elf demonologists (Elf:3)
  2 pale draconians (Depths:4)
  17 lorocyprocas
  18 red draconians
  11 white draconians
  15 elemental wellsprings
  9 spark wasps
  2 starcursed masses (Abyss:3)
  13 wendigos
  18 putrid mouths
  13 deep elf annihilators
  5 dire elephants
  A halazid warlock (Desolation)
  9 bennus
  9 eidola
  Snorg (Lair:5)
  20 mummy priests
  9 iron golems
  19 ettins
  8 deep elf death magi
  14 green deaths
  12 merfolk impalers
  3 merfolk javelineers
  15 blizzard demons
  3 crystal guardians (Crypt:3)
  5 jiangshi
  18 yaktaur captains
  14 great orbs of eyes
  A deep elf high priest (Elf:3)
  A quicksilver dragon zombie (Tar:7)
  3 spriggan zombies
  A kraken zombie (Hell)
  7 ragged hierophants (Desolation)
  32 vault guards
  6 entropy weavers
  11 fire dragons
  5 spectral spriggans
  13 rakshasas
  4 hydras
  10 servants of whispers (Desolation)
  A quicksilver dragon skeleton (Tar:7)
  7 caustic shrike simulacra
  14 salamander tyrants
  14 ice dragons
  2 catoblepae
  3 hell beasts (Pan)
  3 jorogumos
  6 juggernaut simulacra
  18 centaur warriors
  7 spriggan air magi
  3 ogre magi
  A death knight (Crypt:2)
  A merfolk aquamancer (Shoals:4)
  7 peacekeepers
  6 ironbound frosthearts
  5 radroaches
  10 boulder beetles
  6 stokers
  2 ghost crabs (Spider:1)
  19 two-headed ogres
  36 dancing weapons
  5 deep troll shamans
  A spectral stone giant (Tar:3)
  4 merfolk avatars
  5 satyrs
  6 deep troll earth magi
  31 hell hogs
  A titan zombie (Crypt:3)
  41 death scarabs
  6 tengu warriors
  11 demonic crawlers
  5 spriggan berserkers
  7 death yaks
  A thrashing horror (WizLab)
  40 hell knights
  2 vampire magi
  A spectral storm dragon (Tar:2)
  34 soul eaters
  5 spectral nagas
  Urug (Orc:1)
  79 sun demons
  Amaemon (D:8)
  9 crystal echidnas
  5 iron trolls
  33 shadow wraiths
  3 skysharks
  2 fire crabs (Abyss:2)
  18 deep elf knights
  37 skeletal warriors
  Nergalle (D:11)
  4 pharaoh ants
  25 sixfirhies
  A titan skeleton (Hell)
  3 quicksilver dragon simulacra
  A sun moth (Spider:1)
  16 cherubim (Pan)
  9 sea snakes
  A spectral bunyip (Tar:2)
  4 spectral anacondas
  2 swamp dragons
  A golden dragon zombie (Crypt:3)
  7 orb spiders
  A spectral iron dragon (Tar:2)
  2 obsidian statues
  37 large abominations
  55 deep trolls
  An anaconda zombie (Hell)
  5 flayed ghosts
  5 steelbarb worms
  6 spriggan simulacra
  2 death drakes (Depths:1)
  2 glowing orange brains
  14 ironbound convokers
  14 shadow demons
  10 phantasmal warriors
  3 bog bodies
  A spectral hydra (Tar:1)
  4 orc knights
  19 necromancers
  A fenstrider witch simulacrum (Coc:1)
  11 wizards
  6 lindwurms
  21 deep elf archers
  3 anaconda skeletons
  23 fauns
  A mana viper (shapeshifter) (Depths:3)
  12 harpies
  A shining eye (shapeshifter) (D:9)
  37 deep elf pyromancers
  A mana viper (WizLab)
  27 deep elf zephyrmancers
  A tengu skeleton (WizLab)
  An orc sorcerer (Orc:1)
  29 ugly things
  12 wolf spiders
  8 shining eyes
  19 moths of wrath
  8 cyclopes
  12 manticores
  Joseph (D:7)
  4 worldbinders
  3 spectral centaurs (Tar:2)
  A spectral ettin (Tar:4)
  A toenail golem (Pan)
  12 merfolk sirens
  3 centaur zombies
  10 black mambas
  A dire elephant zombie (Crypt:3)
  An apocalypse crab (WizLab)
  The ghost of kaychamo the Cleaver, a novice HOFi (D:5)
  2 guardian serpents
  4 rust devils
  9 elephants
  15 vault sentinels
  A stone giant skeleton (Tomb:1)
  16 cane toads
  13 water nymphs
  7 ice statues
  A spectral elf (Vaults:2)
  A fire giant skeleton (Crypt:2)
  5 eyes of devastation
  15 orange demons
  7 gargoyles
  A dire elephant skeleton (Pan)
  8 molten gargoyles (Geh:7)
  3 titan simulacra
  36 smoke demons
  3 torpor snails
  32 hellions
  An unseen horror (Pan)
  Psyche (D:12)
  5 efreet
  39 yaktaurs
  2 yaktaur zombies (Vaults:5)
  31 freezing wraiths
  9 komodo dragons
  8 anaconda simulacra
  2 bunyip simulacra
  8 ice devils
  2 iron giant simulacra
  21 guardian mummies
  4 rime drakes
  4 kobold demonologists
  5 tengu conjurers
  24 tormentors
  A yaktaur skeleton (WizLab)
  4 red devils
  4 golden dragon simulacra
  A sea snake skeleton (Hell)
  2 silent spectres
  3 spectral harpies
  23 merfolk
  6 harpy zombies
  An ancient zyme (Abyss:2)
  2 hydra zombies
  2 spriggan skeletons
  A wolf spider simulacrum (D:14)
  A mana viper skeleton (Crypt:2)
  A shadow dragon simulacrum (Depths:1)
  18 trolls
  12 hellwings
  12 tarantellas
  7 meliai
  7 wind drakes
  21 blink frogs
  9 dream sheep
  3 harpy skeletons
  A hydra skeleton (Crypt:3)
  5 hornets
  55 saltlings (Desolation)
  3 raiju (Abyss:3)
  5 tyrant leeches (Spider:1)
  7 snapping turtles
  3 iron dragon simulacra
  A snapping turtle (shapeshifter) (Elf:2)
  A stone giant simulacrum (Coc:2)
  134 slime creatures
  An alligator zombie (Hell)
  A human simulacrum (Crypt:1)
  A raiju (shapeshifter) (Elf:1)
  A centaur simulacrum (Coc:2)
  2 black mamba zombies
  21 jumping spiders
  2 air elementals (Elf:1)
  2 shadows
  39 ynoxinuls
  2 alligator skeletons (Hell)
  9 culicivoras
  62 flying skulls
  An ice dragon skeleton (Crypt:2)
  A culicivora (shapeshifter) (Spider:2)
  5 wraiths
  A vampire (D:11)
  9 dire elephant simulacra
  11 ushabtiu
  16 water elementals
  10 wyverns
  2 ettin skeletons
  60 yaks
  11 golden eyes
  6 steam dragons
  3 basilisks
  15 vampire mosquitoes
  2 black mamba skeletons
  A fire elemental (Elf:3)
  45 redbacks
  18 chaos spawn
  19 neqoxecs
  A spatial vortex (WizLab)
  A purple draconian simulacrum (Zot:3)
  2 spriggans (Depths:2)
  A water nymph zombie (Crypt:1)
  7 wargs
  7 acid dragons
  9 harpy simulacra
  3 hell hounds
  A demonspawn zombie (Tomb:1)
  3 naga zombies
  4 hydra simulacra
  A two-headed ogre skeleton (Crypt:1)
  25 water moccasins
  A floating eye (Slime:3)
  2 moth of wrath simulacra (Zot:3)
  7 swamp drakes
  A sky beast (D:8)
  An elephant zombie (Crypt:2)
  4 ettin simulacra (IceCv)
  A swamp dragon zombie (Crypt:2)
  A merfolk skeleton (Crypt:1)
  28 orc warriors
  A manticore zombie (Crypt:1)
  A black bear (Lair:1)
  An ice beast (D:5)
  A black mamba simulacrum (Coc:1)
  20 ogres
  3 alligator simulacra (IceCv)
  18 wolves
  4 boggarts (D:14)
  4 centaurs
  An elf simulacrum (Vaults:5)
  A phantom (D:4)
  7 kobold brigands
  11 bullfrogs
  2 gnoll sergeants (D:9)
  7 necrophages
  A tengu simulacrum (Depths:1)
  3 earth elementals
  5 scorpions
  2 naga simulacra
  2 deep troll simulacra (IceCv)
  6 wights
  A water moccasin skeleton (D:5)
  6 small abominations
  A warg skeleton (Crypt:1)
  5 lindwurm simulacra (IceCv)
  A yak zombie (Crypt:2)
  15 killer bees
  A troll skeleton (Volcano)
  2 howler monkeys
  3 electric eels
  4 jellies (Lair:4)
  2 lava snakes (Lair:2)
  An iron imp (WizLab)
  17 orc priests
  2 hounds (D:6)
  7 iguanas
  6 centaur skeletons
  A gnoll bouda (Orc:1)
  7 hell rats (Hell)
  21 orc wizards
  An ice beast zombie (Crypt:1)
  4 naga skeletons
  A deep dwarf skeleton (Crypt:2)
  29 mummies
  A howler monkey skeleton (D:5)
  10 adders
  12 gnolls
  A swamp drake zombie (Crypt:2)
  A shadow imp (D:7)
  6 white imps
  A worm (D:3)
  A dart slug (D:5)
  60 orcs
  9 bats
  6 endoplasms
  6 giant cockroaches
  4 goblins
  5 hobgoblins
  4 jackals (D:2)
  32 kobolds
  2 quokkas
  5 ball pythons
  A frilled lizard (D:3)
  A jackal zombie (Crypt:2)
  2 rats
  3 ball lightnings (Pan)
  8 creeping infernos
  43 fire vortices
  5 tentacles
4326 creatures vanquished.

Vanquished Creatures (collateral kills)
  Antaeus (Coc:7)
  A pandemonium lord (Zot:1)
  5 royal mummies
  4 caustic shrikes
  A Tzitzimitl (Tar:6)
  An iron giant (Dis:7)
  A lich (Tomb:3)
  2 Ice Fiends (Coc:7)
  A titan (Coc:7)
  3 ancient champions
  A war gargoyle (Dis:3)
  A caustic shrike skeleton (Tomb:3)
  A demonspawn blood saint (Pan)
  3 bennus
  A purple draconian (Zot:3)
  2 putrid mouths
  5 mummy priests
  A spriggan skeleton (Pan)
  3 juggernaut simulacra
  12 death scarabs (Tomb:2)
  2 soul eaters (Pan)
  3 skeletal warriors (Tomb:3)
  A shadow wraith (Tar:7)
  A large abomination (Pan)
  A smoke demon (Pan)
  A dire elephant skeleton (Pan)
  A centaur skeleton (Tomb:3)
  An orange demon (Hell)
  2 tormentors
  A freezing wraith (Coc:7)
  A kobold demonologist (D:12)
  17 guardian mummies
  A harpy skeleton (Tomb:2)
  9 flying skulls (Tomb:3)
  A water elemental (Coc:7)
  A ynoxinul (Pan)
  9 ushabtiu
  A chaos spawn (Pan)
  2 harpy simulacra
  A hell hound (Hell)
  A hell rat (Hell)
  16 mummies
124 creatures vanquished.

Vanquished Creatures (others)
  A shard shrike (Coc:5)
  A caustic shrike (Dis:1)
  A sphinx (Vaults:5)
  A nargun (Coc:7)
  17 azure jellies
  A draconian knight (Zot:2)
  A vault warden (Vaults:2)
  A draconian shifter (Zot:2)
  A quicksilver ooze (shapeshifter) (Depths:2)
  A purple draconian (Zot:1)
  A great orb of eyes (Vaults:5)
  2 caustic shrike simulacra (Coc:7)
  A satyr (Shoals:4)
  An orb spider (Spider:4)
  5 glowing orange brains
  2 spriggan simulacra
  4 wizards
  A deep elf zephyrmancer (Elf:3)
  A moth of wrath (Zot:1)
  A manticore (D:14)
  2 smoke demons (Pan)
  A yaktaur (shapeshifter) (Depths:3)
  A ghost moth simulacrum (Zot:3)
  A hellwing (Pan)
  A tyrant leech (Spider:1)
  A slime creature (shapeshifter) (Vaults:5)
  2 naga simulacra (Coc:7)
  A water elemental (Shoals:2)
  A dire elephant simulacrum (Coc:7)
  4 harpy simulacra
  A hell hound (Hell)
  A floating eye (shapeshifter) (Vaults:5)
  An ettin simulacrum (Coc:7)
  A sky beast (shapeshifter) (Vaults:5)
  An ogre (Vaults:5)
  207 jellies
  2 hell rats (Hell)
  A mummy (Tomb:3)
  A goblin skeleton (Crypt:1)
  A jackal skeleton (Crypt:1)
  9 ball lightnings (Pan)
  3 fire vortices
  4 tentacles
293 creatures vanquished.

Grand Total: 4743 creatures vanquished

Notes
Turn   | Place    | Note
-------+----------+-------------------------------------------
     0 | D:1      | Koushar the Felid Shapeshifter began the quest for the Orb.
     0 | D:1      | Reached XP level 1. HP: 9/9 MP: 2/2
   388 | D:1      | Reached skill level 1 in Stealth
   388 | D:1      | Reached XP level 2. HP: 13/13 MP: 3/3
   879 | D:2      | Reached XP level 3. HP: 16/16 MP: 4/4
  1335 | D:3      | Reached XP level 4. HP: 13/19 MP: 5/5
  1763 | D:3      | Found a faded altar of an unknown god.
  1799 | D:3      | Reached XP level 5. HP: 16/22 MP: 4/6
  2238 | D:4      | Noticed a phantom
  2282 | D:4      | Killed a phantom
  2283 | D:4      | Gained mutation: You are covered in thick fur. (AC +2)
                  | [Felid growth]
  2283 | D:4      | Reached XP level 6. HP: 14/26 MP: 5/7
  2548 | D:4      | Reached skill level 5 in Dodging
  2797 | D:4      | Found a snail-covered altar of Cheibriados.
  2892 | D:5      | Entered Level 5 of the Dungeon
  3048 | D:5      | Noticed a water moccasin
  3072 | D:5      | Killed a water moccasin
  3073 | D:5      | Reached skill level 5 in Stealth
  3073 | D:5      | Reached XP level 7. HP: 29/30 MP: 8/8
  3556 | D:5      | Found a runed translucent gate.
  3556 | D:5      | Found a runed translucent gate.
  3556 | D:5      | Found a runed translucent gate.
  3557 | D:5      | Noticed kaychamo's ghost (novice HOFi)
  3667 | D:5      | Found a staircase to the Ecumenical Temple.
  3678 | Temple   | Entered the Ecumenical Temple
  3750 | Temple   | Became a worshipper of Gozag Ym Sagoz the Greedy
  3834 | D:5      | Reached skill level 5 in Shapeshifting
  4371 | D:6      | Reached skill level 5 in Unarmed Combat
  4378 | D:6      | Reached XP level 8. HP: 23/33 MP: 7/9
  4430 | D:6      | Found Sefev's Distillery.
  4436 | D:6      | Bought a potion of attraction for 30 gold pieces
  4436 | D:6      | Bought a potion of might for 40 gold pieces
  4436 | D:6      | Bought a potion of curing for 30 gold pieces
  4436 | D:6      | Bought a potion of enlightenment for 50 gold pieces
  4436 | D:6      | Bought a potion of attraction for 30 gold pieces
  4436 | D:6      | Bought a potion of curing for 30 gold pieces
  4436 | D:6      | Bought a potion of enlightenment for 50 gold pieces
  4436 | D:6      | Bought a potion of lignification for 30 gold pieces
  5100 | D:7      | Noticed Joseph
  5115 | D:7      | Slain by Joseph
  5116 | D:7      | Reached XP level 7. HP: -1/30 MP: 0/8
  5131 | D:7      | Killed Joseph
  5132 | D:7      | Reached XP level 8. HP: 33/33 MP: 9/9
  5171 | D:7      | HP: 1/33 [orc warrior/+0 dire flail (18)]
  5847 | D:8      | Noticed a hornet
  6015 | D:8      | Reached XP level 9. HP: 38/38 MP: 10/10
  6199 | D:8      | Found a staircase to the Lair.
  6892 | D:8      | Reached skill level 10 in Dodging
  7783 | D:9      | Noticed a troll
  7814 | D:9      | Killed a troll
  7815 | D:9      | Reached skill level 5 in Fighting
  7873 | D:9      | Reached XP level 10. HP: 26/44 MP: 6/11
  8236 | D:9      | Found Furph's Distillery.
  8243 | D:9      | Found Leskofi's Distillery.
  8243 | D:9      | Found Tuag's Distillery.
  8245 | D:9      | Found Agrequm's Assorted Antiques.
  8317 | D:9      | Reached skill level 1 in Evocations
  8329 | D:9      | Bought a potion of degeneration for 12 gold pieces
  8358 | D:9      | Bought a scroll labelled WYUHUR OXKEO for 30 gold pieces
  8358 | D:9      | Bought a scroll labelled WYUHUR OXKEO for 30 gold pieces
  8358 | D:9      | Bought a twisted bronze wand for 120 gold pieces
  8358 | D:9      | Bought a scroll labelled XARGHIO ZOXAUGE for 30 gold pieces
  8358 | D:9      | Bought a potion of heal wounds for 150 gold pieces
  8360 | D:9      | Bought 2 potions of magic for 240 gold pieces
  8360 | D:9      | Bought a potion of curing for 45 gold pieces
  8360 | D:9      | Bought a potion of heal wounds for 75 gold pieces
  8360 | D:9      | Bought a potion of curing for 45 gold pieces
  8360 | D:9      | Bought a potion of curing for 45 gold pieces
  8405 | D:9      | Noticed Amaemon
  8406 | D:9      | Noticed an orange demon
  8483 | D:8      | Killed Amaemon
  8582 | D:9      | Noticed a purple ugly thing
  8679 | D:9      | Killed a purple ugly thing
  8750 | D:9      | Noticed a shining eye
  8751 | D:9      | Noticed a five-headed hydra
  8916 | D:9      | Noticed a boulder beetle
  9037 | D:9      | Noticed a shining eye
  9044 | D:9      | Gained mutation: You sometimes lose your temper in combat.
                  | [a shining eye]
  9048 | D:9      | Killed a shining eye
  9195 | D:9      | Identified the amulet of Winnupoi {Acrobat rC++ Will++
                  | Dex-5}
  9342 | D:9      | Killed an orange demon
  9751 | D:9      | Identified the ring "Upoyl" {Contam Drain rN+ SInv Stlth+}
  9751 | D:9      | Noticed a centaur warrior
  9774 | D:9      | Killed a five-headed hydra
  9968 | D:9      | Killed a boulder beetle
  9969 | D:9      | Reached XP level 11. HP: 49/49 MP: 12/12
 10070 | D:9      | Killed a centaur warrior
 10190 | D:9      | Bought a potion of might for 48 gold pieces
 10190 | D:9      | Bought a potion of curing for 36 gold pieces
 10190 | D:9      | Bought a potion of heal wounds for 60 gold pieces
 10190 | D:9      | Bought a potion of curing for 36 gold pieces
 10190 | D:9      | Bought a potion of curing for 36 gold pieces
 10209 | D:10     | Entered Level 10 of the Dungeon
 10706 | D:10     | Reached skill level 5 in Evocations
 10743 | D:10     | Lost mutation: You sometimes lose your temper in combat.
                  | [potion of mutation]
 10743 | D:10     | Gained mutation: Your flesh is heat resistant. (rF+)
                  | [potion of mutation]
 10743 | D:10     | Gained mutation: You expend magic power (3 MP) to
                  | strengthen your wands. [potion of mutation]
 11227 | D:10     | Noticed a boulder beetle
 11413 | D:10     | Noticed a two-headed ogre
 11460 | D:10     | Killed a two-headed ogre
 11584 | D:10     | Noticed a two-headed ogre
 11589 | D:10     | Killed a two-headed ogre
 12108 | D:10     | Killed a boulder beetle
 12210 | D:11     | Noticed Nergalle
 12315 | D:10     | Reached skill level 10 in Unarmed Combat
 12349 | D:11     | Noticed a spectral orc warlord
 12637 | D:11     | Killed Nergalle
 12638 | D:11     | Gained mutation: Your thick and shaggy fur keeps you warm.
                  | (AC +3, rC+) [Felid growth]
 12638 | D:11     | Reached XP level 12. HP: 26/52 MP: 4/13
 12942 | D:11     | Noticed a two-headed ogre
 13028 | D:11     | Killed a two-headed ogre
 13160 | D:11     | Noticed a boulder beetle
 13174 | D:11     | Killed a boulder beetle
 13401 | D:12     | Noticed Frances
 13629 | D:9      | Bought a potion of haste for 120 gold pieces
 13629 | D:9      | Bought a potion of cancellation for 96 gold pieces
 13631 | D:9      | Bought a potion of heal wounds for 65 gold pieces
 13631 | D:9      | Bought a potion of brilliance for 52 gold pieces
 13631 | D:9      | Bought a potion of brilliance for 52 gold pieces
 13631 | D:9      | Bought a potion of cancellation for 104 gold pieces
 13631 | D:9      | Bought a potion of curing for 39 gold pieces
 13631 | D:9      | Bought a potion of curing for 39 gold pieces
 13633 | D:9      | Bought a potion of brilliance for 48 gold pieces
 13656 | D:9      | Bought a potion of resistance for 150 gold pieces
 13731 | Lair:1   | Entered Level 1 of the Lair of Beasts
 13751 | Lair:1   | Reached skill level 10 in Shapeshifting
 14031 | Lair:1   | Found a dark tunnel.
 14205 | Volcano  | Entered a volcano
 15688 | Lair:2   | Reached XP level 13. HP: 59/59 MP: 14/14
 16284 | Lair:2   | Found a runed translucent door.
 16434 | Lair:2   | Found a runed translucent gate.
 16434 | Lair:2   | Found a runed translucent gate.
 16435 | Lair:2   | Found a runed translucent gate.
 16435 | Lair:2   | Found a runed translucent gate.
 16435 | Lair:2   | Found a runed translucent gate.
 16436 | Lair:2   | Found a runed translucent gate.
 16760 | Lair:2   | Identified the +9 whip of Gloom {vamp, MP+9 Int+2}
 16958 | Lair:3   | Found a hole to the Spider Nest.
 17785 | Lair:3   | Identified the +8 long sword of Qeckiym {freeze, MP+9
                  | Dex+5}
 17970 | Lair:3   | Found a staircase to the Shoals.
 18167 | Lair:3   | Identified the +9 rapier of Hedwolem {speed, rC+ rN+ Str+3
                  | Int+3}
 18233 | Lair:3   | Reached skill level 15 in Shapeshifting
 18931 | Lair:4   | Found a viscous altar of Jiyva.
 18932 | Lair:4   | Found a staircase to the Slime Pits.
 19859 | Lair:5   | Entered Level 5 of the Lair of Beasts
 19859 | Lair:5   | Noticed Snorg
 19867 | Lair:5   | Killed Snorg
 20256 | Lair:5   | Reached XP level 14. HP: 37/63 MP: 8/15
 21132 | Lair:5   | HP: 3/63 [poisoned by a black mamba]
 23620 | Lair:5   | Identified the +4 orcbow "Raanul" {freeze, rF+}
 23938 | D:5      | Killed kaychamo's ghost
 24250 | D:9      | Bought a potion of mutation for 120 gold pieces
 24250 | D:9      | Bought a potion of ambrosia for 120 gold pieces
 24250 | D:9      | Bought a potion of cancellation for 120 gold pieces
 24685 | D:12     | Noticed Psyche
 24694 | D:12     | Found a staircase to the Orcish Mines.
 24731 | D:12     | Killed Psyche
 25392 | D:12     | Slain by Frances
 25393 | D:12     | Reached XP level 13. HP: -3/59 MP: 0/14
 25461 | D:12     | Killed Frances
 25819 | D:12     | Reached XP level 14. HP: 58/63 MP: 9/15
 27526 | D:8      | Bought a storm talisman for 2160 gold pieces
 27753 | D:14     | Found a gate to the Vaults.
 28960 | D:14     | Identified 5 scrolls of acquirement
 28999 | D:15     | Entered Level 15 of the Dungeon
 29087 | Orc:1    | Entered Level 1 of the Orcish Mines
 29089 | Orc:1    | Noticed Urug
 29102 | Orc:1    | Killed Urug
 29195 | Orc:1    | Reached XP level 15. HP: 63/67 MP: 16/16
 29202 | Orc:1    | Found Elleiz's Antique Armour Shop.
 29241 | Orc:1    | Found an iron altar of Okawaru.
 29593 | Orc:2    | Entered Level 2 of the Orcish Mines
 29615 | Orc:2    | Found a staircase to the Elven Halls.
 29622 | Orc:2    | Found Vorch's Magic Scroll Shoppe.
 29667 | Orc:2    | Found Sashryneu's Antique Armour Emporium.
 29794 | Orc:2    | Found Mulosuoj's Jewellery Boutique.
 29802 | Orc:2    | Found Geam's Antique Weapon Emporium.
 29805 | Orc:2    | Found Wocuz's Book Boutique.
 29940 | Orc:2    | Found Pehomely's Jewellery Boutique.
 29954 | Orc:2    | Found Umpe's Jewellery Emporium.
 30001 | Orc:2    | Found Yfyngido's Armour Shoppe.
 30010 | Orc:2    | Found Hantudep's Antique Armour Emporium.
 30057 | Orc:2    | Bought an amulet of regeneration for 510 gold pieces
 30141 | Orc:2    | Bought a scroll of identify for 32 gold pieces
 30141 | Orc:2    | Bought 2 scrolls of teleportation for 96 gold pieces
 30141 | Orc:2    | Bought a scroll of identify for 32 gold pieces
 30141 | Orc:2    | Bought a scroll of revelation for 120 gold pieces
 30141 | Orc:2    | Bought a scroll of butterflies for 64 gold pieces
 30242 | Orc:2    | Bought a book of Burglary for 200 gold pieces
 30535 | D:15     | Found a staircase to the Depths.
 31002 | D:8      | Bought the ring of Jipeace {Wiz rC+ rCorr Slay+2} for 1102
                  | gold pieces
 31078 | Spider:1 | Entered Level 1 of the Spider Nest
 31734 | Spider:1 | Noticed Donald
 31745 | Spider:1 | Killed Donald
 32209 | Spider:2 | Noticed Agnes
 32220 | Spider:2 | Killed Agnes
 32513 | Spider:2 | Reached XP level 16. HP: 72/72 MP: 17/17
 32645 | Spider:2 | Noticed Roxanne
 32675 | Spider:2 | Killed Roxanne
 32985 | Spider:3 | Reached skill level 15 in Dodging
 33001 | Spider:3 | Reached skill level 10 in Fighting
 33726 | Spider:4 | Entered Level 4 of the Spider Nest
 34811 | Spider:4 | Got a gossamer rune of Zot
 35143 | D:8      | Bought a manual of Shapeshifting for 960 gold pieces
 35143 | D:8      | Bought a Necronomicon for 648 gold pieces
 35146 | D:8      | Acquired a manual of Fighting
 35148 | D:8      | Acquired a manual of Dodging
 35150 | D:8      | Acquired a manual of Stealth
 35152 | D:8      | Acquired a manual of Dodging
 35157 | D:8      | Acquired a manual of Evocations
 35217 | Shoals:1 | Entered Level 1 of the Shoals
 35381 | Shoals:1 | Found a frozen archway.
 35407 | IceCv    | Entered an ice cave
 35673 | IceCv    | Found an ancient bone altar of Kikubaaqudgha.
 35686 | IceCv    | Reached XP level 17. HP: 78/78 MP: 18/18
 35868 | IceCv    | Noticed a lich
 35878 | IceCv    | Killed a lich
 36041 | IceCv    | Got Ceuv Iqi's Dissertation on Sinister Cryomancy
 36273 | Shoals:1 | You are sucked into a shaft and drop 1 floor!
 36321 | Shoals:1 | Noticed Jorgrun
 36334 | Shoals:1 | Killed Jorgrun
 36548 | Shoals:1 | Reached skill level 1 in Necromancy
 36896 | Shoals:2 | Reached skill level 10 in Stealth
 36902 | Shoals:2 | Noticed Polyphemus
 36925 | Shoals:2 | Killed Polyphemus
 37173 | Shoals:2 | Identified the +7 scimitar of Yckuineum {chaos, Contam
                  | rElec rPois SInv}
 37415 | Shoals:2 | Noticed Ilsuiw
 37448 | Shoals:2 | Killed Ilsuiw
 37859 | Shoals:3 | Found Faenissi's Antique Weapon Boutique.
 37964 | Shoals:3 | Noticed a kraken
 37978 | Shoals:3 | Killed a kraken
 38717 | Shoals:4 | Entered Level 4 of the Shoals
 39034 | Shoals:4 | Reached XP level 18. HP: 60/85 MP: 19/19
 39152 | Shoals:4 | Got a barnacled rune of Zot
 39500 | Shoals:4 | Found Izew's General Store.
 39537 | Shoals:4 | Bought a scroll of revelation for 135 gold pieces
 39537 | Shoals:4 | Bought a scroll of teleportation for 54 gold pieces
 39537 | Shoals:4 | Bought a potion of magic for 144 gold pieces
 39537 | Shoals:4 | Bought a potion of brilliance for 72 gold pieces
 39938 | Slime:1  | Entered Level 1 of the Pits of Slime
 39940 | Slime:1  | Reached skill level 10 in Evocations
 39947 | Slime:1  | Gained mutation: Your body sometimes deteriorates upon
                  | taking damage. [a shining eye]
 39949 | Slime:1  | Gained mutation: You occasionally shout uncontrollably at
                  | your foes. [a shining eye]
 39952 | Slime:1  | Gained mutation: You are dopey. (Int -2) [a shining eye]
 39954 | Slime:1  | Gained mutation: Your magical capacity is low. (-10% MP) [a
                  | shining eye]
 39957 | Slime:1  | Lost mutation: You are dopey. (Int -2) [potion of mutation]
 39957 | Slime:1  | Lost mutation: Your flesh is heat resistant. (rF+) [potion
                  | of mutation]
 39957 | Slime:1  | Gained mutation: You sometimes lose your temper in combat.
                  | [potion of mutation]
 39958 | Slime:1  | Lost mutation: Your body sometimes deteriorates upon taking
                  | damage. [potion of mutation]
 39958 | Slime:1  | Lost mutation: You sometimes lose your temper in combat.
                  | [potion of mutation]
 39958 | Slime:1  | Lost mutation: Your magical capacity is low. (-10% MP)
                  | [potion of mutation]
 39958 | Slime:1  | Gained mutation: You are weak. (Str -2) [potion of
                  | mutation]
 39959 | Slime:1  | Lost mutation: You are weak. (Str -2) [potion of mutation]
 39959 | Slime:1  | Lost mutation: You expend magic power (3 MP) to strengthen
                  | your wands. [potion of mutation]
 39959 | Slime:1  | Gained mutation: You are agile. (Dex +4, Str/Int -1)
                  | [potion of mutation]
 39960 | Slime:1  | Lost mutation: You occasionally shout uncontrollably at
                  | your foes. [potion of mutation]
 39960 | Slime:1  | Lost mutation: You are agile. (Dex +4, Str/Int -1) [potion
                  | of mutation]
 39960 | Slime:1  | Gained mutation: You have a pair of small horns on your
                  | head. [potion of mutation]
 39960 | Slime:1  | Gained mutation: You possess an exceptional clarity of
                  | mind. [potion of mutation]
 39960 | Slime:1  | Gained mutation: You are partially covered in iridescent
                  | scales. (AC +2) [potion of mutation]
 39960 | Slime:1  | Gained mutation: You are agile. (Dex +4, Str/Int -1)
                  | [potion of mutation]
 40595 | Slime:3  | Paralysed by a floating eye for 2 turns
 40618 | Slime:3  | Reached skill level 5 in Necromancy
 41978 | Slime:5  | Entered Level 5 of the Pits of Slime
 41987 | Slime:5  | Reached skill level 15 in Stealth
 42007 | Slime:5  | Reached XP level 19. HP: 81/91 MP: 20/20
 42120 | Slime:5  | Noticed the Royal Jelly
 42262 | Slime:5  | Found a viscous altar of Jiyva.
 42264 | Slime:5  | Found the macabre finger necklace {Finger+ rN+}
 42373 | Slime:5  | Lost mutation: You are agile. (Dex +4, Str/Int -1) [a
                  | shining eye]
 42499 | Slime:5  | Reached skill level 15 in Fighting
 42737 | D:8      | Bought a book of Changes for 360 gold pieces
 42737 | D:8      | Bought a book of the Dragon for 840 gold pieces
 42746 | D:8      | Acquired a manual of Fighting
 42882 | Elf:1    | Entered Level 1 of the Elven Halls
 43531 | Elf:1    | Found a runed translucent door.
 44279 | Elf:2    | Identified the +3 leather armour "Heot" {rN++}
 44389 | Elf:2    | Found a runed translucent gate.
 44389 | Elf:2    | Found a runed translucent gate.
 44394 | Elf:2    | Found a runed translucent gate.
 44440 | Elf:2    | Reached skill level 1 in Transmutations
 44453 | Elf:2    | Found a flickering gateway to a bazaar.
 44546 | Bazaar   | Entered a bazaar
 44548 | Bazaar   | Found Naaloep's General Store.
 44552 | Bazaar   | Found Vuxzur's Assorted Antiques.
 44552 | Bazaar   | Found Notusaru's Magic Scroll Boutique.
 44552 | Bazaar   | Found Xial's Distillery.
 44594 | Bazaar   | Bought a potion of might for 28 gold pieces
 44594 | Bazaar   | Bought a potion of attraction for 21 gold pieces
 44594 | Bazaar   | Bought a potion of heal wounds for 35 gold pieces
 44594 | Bazaar   | Bought a potion of might for 28 gold pieces
 44594 | Bazaar   | Bought a potion of heal wounds for 35 gold pieces
 44594 | Bazaar   | Bought a potion of berserk rage for 35 gold pieces
 44599 | Bazaar   | Bought a potion of curing for 27 gold pieces
 44599 | Bazaar   | Bought a potion of cancellation for 72 gold pieces
 44599 | Bazaar   | Bought a wand of paralysis (6) for 129 gold pieces
 44604 | Bazaar   | Bought a scroll of revelation for 105 gold pieces
 44604 | Bazaar   | Bought a scroll of fog for 56 gold pieces
 44604 | Bazaar   | Bought a scroll of revelation for 105 gold pieces
 44604 | Bazaar   | Bought a scroll of teleportation for 42 gold pieces
 44609 | Bazaar   | Bought a scroll of butterflies for 152 gold pieces
 44816 | Elf:2    | Noticed Saint Roka
 44981 | Elf:2    | Killed Saint Roka
 45221 | Elf:2    | Reached XP level 20. HP: 93/98 MP: 21/21
 45337 | Elf:3    | Entered Level 3 of the Elven Halls
 46345 | Elf:3    | Identified the ring of Satisfaction {Fly Str+4 Dex-2}
 46367 | Elf:3    | Identified the ring "Fudost" {Wiz *Slow rN++}
 46388 | Elf:3    | Identified the staff "Sitecs" {+Blink rC+ Str+4 Ice}
 46411 | Elf:3    | Identified the ring of Vexzoiwi {Fly Will++ AC+4 Str+3
                  | Int-5}
 46426 | Elf:3    | Identified the +1 trident "Hoecuxemm" {drain, rElec rN+
                  | Str-4 Int+2}
 46426 | Elf:3    | Identified the +2 robe of Usonut {rElec}
 47192 | D:8      | Learned a level 2 spell: Wereblood
 47196 | D:8      | Learned a level 2 spell: Blink
 47349 | Vaults:1 | Entered Level 1 of the Vaults
 47518 | Vaults:1 | Found Xumuac's Antique Weapon Shoppe.
 47547 | Vaults:1 | Reached skill level 1 in Translocations
 47581 | Vaults:1 | Reached skill level 15 in Unarmed Combat
 48652 | Vaults:2 | Found Rokkis's Magic Scroll Boutique.
 48660 | Vaults:2 | Bought a scroll of fear for 52 gold pieces
 48660 | Vaults:2 | Bought a scroll of amnesia for 52 gold pieces
 48920 | Vaults:2 | Found a transporter.
 48920 | Vaults:2 | Noticed FlatIsJustice's ghost (adept DEFE)
 48937 | Vaults:2 | Noticed an ancient lich
 49185 | Vaults:2 | Found a staircase to the Crypt.
 49185 | Vaults:2 | Found an ancient bone altar of Kikubaaqudgha.
 49185 | Vaults:2 | Found a basalt altar of Yredelemnul.
 49251 | Vaults:2 | Reached XP level 21. HP: 102/104 MP: 22/22
 49473 | Vaults:2 | Reached skill level 5 in Translocations
 49520 | Vaults:2 | Found Ygrismoj's Distillery.
 49526 | Vaults:2 | Bought a potion of invisibility for 80 gold pieces
 49526 | Vaults:2 | Bought a potion of magic for 80 gold pieces
 49526 | Vaults:2 | Bought a potion of curing for 30 gold pieces
 49526 | Vaults:2 | Bought a potion of curing for 30 gold pieces
 49526 | Vaults:2 | Bought a potion of mutation for 80 gold pieces
 49526 | Vaults:2 | Bought a potion of might for 40 gold pieces
 49939 | Vaults:2 | Found a transporter.
 50096 | Vaults:3 | Found Pimuw's Book Shop.
 50155 | Vaults:3 | Found Xaqerynkiu's Assorted Antiques.
 50159 | Vaults:3 | Bought a scroll of teleportation for 123 gold pieces
 50679 | Vaults:3 | Found Suomu's Assorted Antiques.
 50685 | Vaults:3 | Bought a scroll of fog for 88 gold pieces
 50685 | Vaults:3 | Bought 2 potions of curing for 132 gold pieces
 50685 | Vaults:3 | Bought a potion of cancellation for 176 gold pieces
 50685 | Vaults:3 | Bought a potion of brilliance for 88 gold pieces
 50865 | Vaults:3 | Found Uhefua's Armour Emporium.
 50921 | Vaults:3 | Found Migab's Assorted Antiques.
 51352 | Vaults:4 | Reached skill level 10 in Necromancy
 51399 | Vaults:4 | Found a crumbling gateway.
 51411 | Vaults:4 | Learned a level 4 spell: Manifold Assault
 51413 | Desolati | Entered the Desolation of Salt
 51741 | Desolati | Got the Atlas of Metallic Doom
 51811 | Desolati | Reached XP level 22. HP: 111/111 MP: 23/23
 51875 | Desolati | Identified the ring "Dotayle" {Wiz *Corrode rF+++ rN+
                  | Dex-2}
 51923 | Desolati | Got Hicsox's Almanac of Planar Contaminants
 52423 | Vaults:4 | Found a gateway to a bazaar.
 52457 | Bazaar   | Entered a bazaar
 52458 | Bazaar   | Found Rokhailu's Magic Scroll Boutique.
 52458 | Bazaar   | Found Piri's Magic Scroll Shop.
 52459 | Bazaar   | Found Majeshru's Antique Weapon Emporium.
 52467 | Bazaar   | Found Pyxiezxa's Antique Weapon Emporium.
 52486 | Bazaar   | Bought a scroll of teleportation for 27 gold pieces
 52486 | Bazaar   | Bought a scroll of fear for 36 gold pieces
 52486 | Bazaar   | Bought a scroll of teleportation for 27 gold pieces
 52508 | Bazaar   | Bought a scroll of blinking for 75 gold pieces
 52508 | Bazaar   | Bought a scroll of teleportation for 30 gold pieces
 52508 | Bazaar   | Bought a scroll of fear for 40 gold pieces
 52508 | Bazaar   | Bought a scroll of teleportation for 30 gold pieces
 52543 | Vaults:4 | Found Lali's Distillery.
 52549 | Vaults:4 | Bought a potion of resistance for 150 gold pieces
 52549 | Vaults:4 | Bought a potion of curing for 45 gold pieces
 52549 | Vaults:4 | Bought a potion of heal wounds for 75 gold pieces
 52549 | Vaults:4 | Bought a potion of curing for 45 gold pieces
 52549 | Vaults:4 | Bought a potion of curing for 45 gold pieces
 52549 | Vaults:4 | Bought a potion of mutation for 120 gold pieces
 52549 | Vaults:4 | Bought a potion of berserk rage for 75 gold pieces
 52549 | Vaults:4 | Bought a potion of ambrosia for 120 gold pieces
 52568 | Vaults:4 | Found Gekitz's Antique Weapon Emporium.
 52963 | Vaults:4 | Found Cucwirr's Weapon Boutique.
 53480 | Vaults:2 | Reached skill level 10 in Translocations
 53482 | Vaults:2 | Killed an ancient lich
 53490 | Vaults:2 | Killed FlatIsJustice's ghost
 53506 | Vaults:2 | Identified the +1 hat "Lanun" {Rampage}
 53507 | Vaults:2 | Identified the amulet of Vunynago {Faith Dex+3 Slay-5}
 53769 | D:8      | Bought a book of the Senses for 384 gold pieces
 53771 | D:8      | Bought a scroll of blinking for 105 gold pieces
 53771 | D:8      | Bought a scroll of blinking for 105 gold pieces
 53855 | Lair:4   | Fell from the grace of Gozag
 53855 | Lair:4   | Became a worshipper of Jiyva Jaaworuc the Shapeless
 54148 | Crypt:1  | Entered Level 1 of the Crypt
 54759 | Crypt:1  | Reached * piety under Jiyva
 54767 | Crypt:1  | Identified the amulet of Voumihuc {Regen+ Str-5 Dex+4}
 55181 | Crypt:1  | Reached ** piety under Jiyva
 55822 | Crypt:2  | Found an ancient bone altar of Kikubaaqudgha.
 56154 | Crypt:2  | Learned a level 6 spell: Dispersal
 56187 | Crypt:3  | Entered Level 3 of the Crypt
 56434 | Crypt:3  | Noticed Margery
 56471 | Crypt:3  | Killed Margery
 56534 | Crypt:3  | Noticed Grunn
 56560 | Crypt:3  | Killed Grunn
 56642 | Crypt:3  | Reached *** piety under Jiyva
 56642 | Crypt:3  | Gained mutation: You have a somewhat thin skeletal
                  | structure. (Dex +2, Stealth+) [Jiyva's grace]
 56642 | Crypt:3  | Gained mutation: You have a moderately thin skeletal
                  | structure. (Dex +4, Stealth++) [Jiyva's grace]
 56642 | Crypt:3  | Gained mutation: You have an unnaturally thin skeletal
                  | structure. (Dex +6, Stealth+++) [Jiyva's grace]
 56642 | Crypt:3  | Gained mutation: You have hidden genetic potential.
                  | [Jiyva's grace]
 56653 | Crypt:3  | Reached XP level 23. HP: 117/117 MP: 24/24
 56784 | Crypt:3  | Noticed Sojobo
 56802 | Crypt:3  | Killed Sojobo
 56867 | Crypt:3  | Found the +13 scythe of Curses {drain, curses, Drain}
 56965 | Crypt:3  | Found a basalt altar of Yredelemnul.
 56968 | Crypt:3  | Noticed an ancient lich
 56981 | Crypt:3  | Killed an ancient lich
 57024 | Crypt:3  | Identified the staff of the Three Teeth {Str+4 Conj}
 57075 | Crypt:3  | Found a staircase to the Tomb.
 57403 | Tomb:1   | Entered Level 1 of the Tomb of the Ancients
 57499 | Tomb:1   | Reached **** piety under Jiyva
 57907 | Tomb:1   | Noticed a royal mummy
 57917 | Tomb:1   | Killed a royal mummy
 58251 | Tomb:1   | Noticed a royal mummy
 58256 | Tomb:1   | Killed a royal mummy
 58738 | Depths:1 | Entered Level 1 of the Depths
 58981 | Depths:1 | Reached ***** piety under Jiyva
 59057 | Depths:1 | Lost mutation: You have a pair of small horns on your head.
                  | [Jiyva's grace]
 59057 | Depths:1 | Lost mutation: You are partially covered in iridescent
                  | scales. (AC +2) [Jiyva's grace]
 59057 | Depths:1 | Lost mutation: You possess an exceptional clarity of mind.
                  | [Jiyva's grace]
 59057 | Depths:1 | Lost mutation: You have hidden genetic potential. [Jiyva's
                  | grace]
 59057 | Depths:1 | Gained mutation: Your muscles are strong. (Str +4, Int/Dex
                  | -1) [Jiyva's grace]
 59057 | Depths:1 | Gained mutation: Your muscles are very strong. (Str +8,
                  | Int/Dex -2) [Jiyva's grace]
 59057 | Depths:1 | Gained mutation: Your rubbery body absorbs attacks. (AC +1,
                  | EV +1) [Jiyva's grace]
 59057 | Depths:1 | Gained mutation: Your pliable body absorbs attacks. (AC +2,
                  | EV +2) [Jiyva's grace]
 59076 | Depths:1 | Found an opulent altar of Gozag.
 59232 | Depths:1 | Found a sparkling altar of Nemelex Xobeh.
 59299 | Depths:1 | Found a gateway to Hell.
 59672 | Depths:1 | Found the +10 dark maul {heavy}
 59699 | Depths:1 | Got the Parchment of Vapour
 60049 | Depths:2 | Found a one-way gateway to a ziggurat.
 60155 | Depths:2 | Reached XP level 24. HP: 101/124 MP: 24/24
 60213 | Depths:2 | Found a one-way gate to the infinite horrors of the Abyss.
 60230 | Depths:2 | Identified the ring "Pimiaqush" {rPois rN+ AC+4}
 60548 | Depths:2 | Found a one-way gate leading to the halls of Pandemonium.
 60562 | Depths:2 | Found a hide-covered altar of Uskayaw.
 60707 | Depths:2 | Noticed Aizul
 60714 | Depths:2 | Killed Aizul
 60715 | Depths:2 | Was forgiven by Gozag
 60971 | Depths:2 | Found a radiant altar of Vehumet.
 61173 | Depths:3 | Reached ****** piety under Jiyva
 61190 | Depths:3 | Found an opulent altar of Gozag.
 61190 | Depths:3 | Found a radiant altar of Vehumet.
 61192 | Depths:3 | Found a snail-covered altar of Cheibriados.
 61311 | Depths:3 | Reached skill level 15 in Translocations
 61330 | Depths:3 | Noticed a juggernaut
 61334 | Depths:3 | Killed a juggernaut
 61453 | Depths:3 | Lost mutation: You have an unnaturally thin skeletal
                  | structure. (Dex +6, Stealth+++) [Jiyva's grace]
 61453 | Depths:3 | Lost mutation: You have a moderately thin skeletal
                  | structure. (Dex +4, Stealth++) [Jiyva's grace]
 61453 | Depths:3 | Lost mutation: Your muscles are very strong. (Str +8,
                  | Int/Dex -2) [Jiyva's grace]
 61453 | Depths:3 | Lost mutation: Your pliable body absorbs attacks. (AC +2,
                  | EV +2) [Jiyva's grace]
 61453 | Depths:3 | Gained mutation: You have hidden genetic potential.
                  | [Jiyva's grace]
 61453 | Depths:3 | Gained mutation: You have great hidden genetic potential.
                  | [Jiyva's grace]
 61453 | Depths:3 | Gained mutation: Your system is resistant to poisons.
                  | (rPois) [Jiyva's grace]
 61453 | Depths:3 | Gained mutation: Your muscles are very strong. (Str +8,
                  | Int/Dex -2) [Jiyva's grace]
 61588 | Depths:3 | Noticed a juggernaut
 61596 | Depths:3 | Killed a juggernaut
 61725 | Depths:3 | Noticed Xtahua
 61731 | Depths:3 | Killed Xtahua
 61796 | Depths:3 | Noticed a juggernaut
 61805 | Depths:3 | Noticed a juggernaut
 61816 | Depths:3 | Killed a juggernaut
 61839 | Depths:3 | Killed a juggernaut
 62085 | Depths:4 | Entered Level 4 of the Depths
 62092 | Depths:4 | Found a magical portal.
 62104 | WizLab   | Entered The Roulette of Golubria
 62104 | WizLab   | Found a transporter.
 62107 | WizLab   | Found a corrupted altar of Lugonu.
 62136 | WizLab   | Found a transporter.
 62152 | WizLab   | Found the +1 cloak of Starlight {*Dazzle EV+4 Stlth--}
 62181 | WizLab   | Found a transporter.
 62228 | WizLab   | Found a transporter.
 62242 | WizLab   | Found a transporter.
 62283 | WizLab   | Found a corrupted altar of Lugonu.
 62283 | WizLab   | Found a transporter.
 62294 | WizLab   | Found a transporter.
 62337 | WizLab   | Found a transporter.
 62385 | WizLab   | Found a transporter.
 62442 | WizLab   | Found a transporter.
 62481 | WizLab   | Found a transporter.
 62487 | WizLab   | Found a corrupted altar of Lugonu.
 62519 | WizLab   | Found a transporter.
 62527 | WizLab   | Found a transporter.
 62578 | WizLab   | Found a transporter.
 62578 | WizLab   | Found a transporter.
 62606 | WizLab   | Found a transporter.
 62630 | WizLab   | Found a transporter.
 62630 | WizLab   | Found a transporter.
 62677 | WizLab   | Reached XP level 25. HP: 129/129 MP: 24/24
 62692 | WizLab   | Found a transporter.
 62753 | WizLab   | Found a transporter.
 62838 | Depths:4 | Found a shimmering blue altar of Sif Muna.
 63065 | Depths:4 | Found a gate to the Realm of Zot.
 63646 | Depths:4 | Learned a level 4 spell: Passage of Golubria
 63715 | Hell     | Entered the Vestibule of Hell
 63715 | Hell     | Noticed Geryon
 63716 | Hell     | Lost mutation: You have a somewhat thin skeletal structure.
                  | (Dex +2, Stealth+) [Jiyva's grace]
 63716 | Hell     | Lost mutation: Your system is resistant to poisons. (rPois)
                  | [Jiyva's grace]
 63716 | Hell     | Gained mutation: You have acidic saliva. [Jiyva's grace]
 63716 | Hell     | Gained mutation: Your melee attacks may engulf your foes in
                  | ooze. [Jiyva's grace]
 63716 | Hell     | Gained mutation: You are partially covered in iridescent
                  | scales. (AC +2) [Jiyva's grace]
 63716 | Hell     | Gained mutation: You are mostly covered in iridescent
                  | scales. (AC +4) [Jiyva's grace]
 63720 | Hell     | Killed Geryon
 63762 | Hell     | Noticed Murray
 63807 | Hell     | Killed Murray
 63830 | Hell     | Gained mutation: You have a pair of small horns on your
                  | head. [hidden potential]
 63928 | Hell     | Found a gateway to the Iron City of Dis.
 64075 | Hell     | Found a gateway to the decaying netherworld of Tartarus.
 64150 | Hell     | Reached skill level 15 in Necromancy
 64167 | Hell     | Found a gateway to the freezing wastes of Cocytus.
 64350 | Hell     | Found a gateway to the ashen valley of Gehenna.
 64558 | Depths:3 | Voluntarily entered the Abyss.
 64800 | Abyss:3  | Lost mutation: You have great hidden genetic potential.
                  | [Jiyva's grace]
 64800 | Abyss:3  | Lost mutation: Your melee attacks may engulf your foes in
                  | ooze. [Jiyva's grace]
 64800 | Abyss:3  | Lost mutation: You have hidden genetic potential. [Jiyva's
                  | grace]
 64800 | Abyss:3  | Gained mutation: You are somewhat resistant to further
                  | mutation. [Jiyva's grace]
 64800 | Abyss:3  | Gained mutation: You are somewhat resistant to both further
                  | mutation and mutation removal. [Jiyva's grace]
 64800 | Abyss:3  | Gained mutation: You are almost entirely resistant to
                  | further mutation and mutation removal. [Jiyva's grace]
 64800 | Abyss:3  | Gained mutation: You have a small jelly attached to you
                  | that may absorb projectiles. [Jiyva's grace]
 65000 | Abyss:3  | Got an abyssal rune of Zot
 65006 | Depths:3 | Escaped the Abyss
 65121 | Zot:1    | Entered Level 1 of the Realm of Zot
 65355 | Zot:1    | Reached XP level 26. HP: 102/133 MP: 24/24
 65739 | Zot:1    | Found Hoip's CLEARANCE SALE!.
 65743 | Zot:1    | Bought a scroll of fog for 16 gold pieces
 65743 | Zot:1    | Bought a scroll of revelation for 30 gold pieces
 65743 | Zot:1    | Bought a scroll of poison for 16 gold pieces
 66301 | Zot:2    | Lost mutation: You are mostly covered in iridescent scales.
                  | (AC +4) [Jiyva's grace]
 66301 | Zot:2    | Lost mutation: You are almost entirely resistant to further
                  | mutation and mutation removal. [Jiyva's grace]
 66301 | Zot:2    | Lost mutation: You are somewhat resistant to both further
                  | mutation and mutation removal. [Jiyva's grace]
 66301 | Zot:2    | Lost mutation: You have acidic saliva. [Jiyva's grace]
 66301 | Zot:2    | Lost mutation: Your rubbery body absorbs attacks. (AC +1,
                  | EV +1) [Jiyva's grace]
 66301 | Zot:2    | Lost mutation: You have a small jelly attached to you that
                  | may absorb projectiles. [Jiyva's grace]
 66301 | Zot:2    | Gained mutation: You expend magic power (3 MP) to
                  | strengthen your wands. [Jiyva's grace]
 66301 | Zot:2    | Gained mutation: You have a small jelly attached to you
                  | that senses nearby items. [Jiyva's grace]
 66301 | Zot:2    | Gained mutation: Your translucent skin slightly reduces
                  | your foes' accuracy. (Stealth+) [Jiyva's grace]
 66301 | Zot:2    | Gained mutation: Your translucent skin reduces your foes'
                  | accuracy. (Stealth+) [Jiyva's grace]
 66444 | Zot:2    | Found a basalt altar of Yredelemnul.
 66700 | Zot:2    | Got the Tome of Fire and Brimstone
 66709 | Zot:2    | Got the Codex of the Zealot
 67427 | Zot:3    | Identified the ring "Sunk" {Ice rN+ Dex+5}
 67427 | Zot:3    | Noticed Josephina
 67441 | Zot:3    | Killed Josephina
 68038 | Zot:4    | Reached XP level 27. HP: 137/137 MP: 24/24
 68240 | Zot:4    | Lost mutation: You are somewhat resistant to further
                  | mutation. [Jiyva's grace]
 68240 | Zot:4    | Lost mutation: You have a small jelly attached to you that
                  | senses nearby items. [Jiyva's grace]
 68240 | Zot:4    | Lost mutation: Your translucent skin reduces your foes'
                  | accuracy. (Stealth+) [Jiyva's grace]
 68240 | Zot:4    | Lost mutation: Your translucent skin slightly reduces your
                  | foes' accuracy. (Stealth+) [Jiyva's grace]
 68240 | Zot:4    | Gained mutation: Your skin changes colour to match your
                  | surroundings (Stealth+). [Jiyva's grace]
 68240 | Zot:4    | Gained mutation: Your skin blends seamlessly with your
                  | surroundings (Stealth++). [Jiyva's grace]
 68240 | Zot:4    | Gained mutation: Your skin perfectly mimics your
                  | surroundings (Stealth+++). [Jiyva's grace]
 68240 | Zot:4    | Gained mutation: Your spells are a little harder to cast,
                  | but a little more powerful. [Jiyva's grace]
 68349 | Zot:4    | Found a transporter.
 68357 | Zot:4    | Noticed an orb of fire
 68373 | Zot:4    | Noticed an orb of fire
 68482 | Zot:4    | Found a transporter.
 68920 | Zot:5    | Entered Level 5 of the Realm of Zot
 69351 | Zot:5    | Noticed a dread lich
 69357 | Zot:5    | Killed a dread lich
 69359 | Zot:5    | Noticed an orb of fire
 69373 | Zot:5    | Killed an orb of fire
 69375 | Zot:5    | Noticed an orb of fire
 69380 | Zot:5    | Gained mutation: Your magical capacity is low. (-10% MP)
                  | [an orb of fire]
 69383 | Zot:5    | Killed an orb of fire
 69386 | Zot:5    | Noticed a dread lich
 69394 | Zot:5    | Noticed an ancient lich
 69406 | Zot:5    | Killed an ancient lich
 69407 | Zot:5    | Killed a dread lich
 69535 | Zot:5    | Noticed an orb of fire
 69537 | Zot:5    | Noticed an orb of fire
 69539 | Zot:5    | Noticed an orb of fire
 69542 | Zot:5    | Lost mutation: Your spells are a little harder to cast, but
                  | a little more powerful. [an orb of fire]
 69544 | Zot:5    | Gained mutation: Potions are less effective at restoring
                  | your health. [an orb of fire]
 69546 | Zot:5    | Noticed an orb of fire
 69552 | Zot:5    | Killed an orb of fire
 69556 | Zot:5    | Killed an orb of fire
 69572 | Zot:5    | Gained mutation: You sometimes lose your temper in combat.
                  | [an orb of fire]
 69589 | Zot:5    | Killed an orb of fire
 69590 | Zot:5    | Killed an orb of fire
 69591 | Zot:5    | Noticed a dread lich
 69602 | Zot:5    | Noticed an ancient lich
 69611 | Zot:5    | Killed an ancient lich
 69611 | Zot:5    | Killed a dread lich
 69746 | Zot:5    | Lost mutation: You sometimes lose your temper in combat.
                  | [Jiyva's grace]
 69746 | Zot:5    | Lost mutation: Your muscles are very strong. (Str +8,
                  | Int/Dex -2) [Jiyva's grace]
 69746 | Zot:5    | Gained mutation: You are somewhat resistant to further
                  | mutation. [Jiyva's grace]
 69746 | Zot:5    | Gained mutation: You are somewhat resistant to both further
                  | mutation and mutation removal. [Jiyva's grace]
 69746 | Zot:5    | Gained mutation: You are almost entirely resistant to
                  | further mutation and mutation removal. [Jiyva's grace]
 69746 | Zot:5    | Gained mutation: You are partially covered in large bone
                  | plates. (SH +4) [Jiyva's grace]
 70368 | Zot:4    | Killed an orb of fire
 70383 | Zot:4    | Killed an orb of fire
 70456 | Zot:4    | Identified the ring "Gagoj" {rPois Int+5 SInv}
 70758 | Tar:1    | Entered Level 1 of Tartarus
 71502 | Vaults:5 | Entered Level 5 of the Vaults
 71503 | Vaults:5 | Noticed an ancient lich
 71503 | Vaults:5 | Noticed an ancient lich
 71503 | Vaults:5 | Found the +7 great mace "Undeadhunter" {deathbane, rN+}
 71504 | Vaults:5 | Noticed an ancient lich
 71509 | Vaults:5 | Killed an ancient lich
 71511 | Vaults:5 | Killed an ancient lich
 71512 | Vaults:5 | Reached skill level 27 in Unarmed Combat
 71527 | Vaults:5 | Noticed an ancient lich
 71534 | Vaults:5 | Killed an ancient lich
 71710 | Vaults:5 | Noticed a dread lich
 71722 | Vaults:5 | Killed a dread lich
 71889 | Vaults:5 | Got a silver rune of Zot
 72145 | Vaults:5 | Killed an ancient lich
 72208 | Vaults:5 | Identified the amulet "Kairghel" {RegenMP Regen+}
 72220 | Vaults:5 | Identified the staff "Kaaf" {rElec rC+ Str+6 Dex-2 SInv
                  | Ice}
 72504 | Vaults:5 | Noticed a dread lich
 72508 | Vaults:5 | Identified the +0 ring mail "Mufyom" {Harm Str+5}
 72513 | Vaults:5 | Killed a dread lich
 73335 | Slime:5  | Got a slimy rune of Zot
 73366 | Slime:5  | Identified the +5 ring mail "Xuceedd" {rElec Will+ Dex+2
                  | SInv}
 74065 | Tar:2    | Reached skill level 1 in Spellcasting
 74202 | Tar:3    | Reached skill level 27 in Dodging
 74367 | Tar:3    | Lost mutation: You are partially covered in large bone
                  | plates. (SH +4) [Jiyva's grace]
 74367 | Tar:3    | Lost mutation: Your skin perfectly mimics your surroundings
                  | (Stealth+++). [Jiyva's grace]
 74367 | Tar:3    | Lost mutation: Potions are less effective at restoring your
                  | health. [Jiyva's grace]
 74367 | Tar:3    | Gained mutation: Armour fits poorly on your pseudopods.
                  | [Jiyva's grace]
 74367 | Tar:3    | Gained mutation: Armour fits poorly on your large
                  | pseudopods. [Jiyva's grace]
 74367 | Tar:3    | Gained mutation: Armour fits poorly on your massive
                  | pseudopods. [Jiyva's grace]
 74367 | Tar:3    | Gained mutation: You are agile. (Dex +4, Str/Int -1)
                  | [Jiyva's grace]
 74785 | Tar:5    | Reached skill level 27 in Translocations
 75316 | Tar:7    | Entered Level 7 of Tartarus
 75333 | Tar:7    | Reached skill level 5 in Spellcasting
 75400 | Tar:7    | Noticed a dread lich
 75400 | Tar:7    | Noticed a dread lich
 75401 | Tar:7    | Noticed an ancient lich
 75404 | Tar:7    | Killed a dread lich
 75413 | Tar:7    | Killed a dread lich
 75416 | Tar:7    | Killed an ancient lich
 75418 | Tar:7    | Identified the +6 dagger of Tumult {heavy, Stlth+}
 75727 | Tar:7    | Learned a level 9 spell: Death's Door
 75882 | Tar:7    | Found the +7 captain's cutlass {speed, disarm}
 75953 | Tar:7    | Lost mutation: You are agile. (Dex +4, Str/Int -1) [Jiyva's
                  | grace]
 75953 | Tar:7    | Lost mutation: Armour fits poorly on your massive
                  | pseudopods. [Jiyva's grace]
 75953 | Tar:7    | Gained mutation: You have a small jelly attached to you
                  | that may absorb projectiles. [Jiyva's grace]
 75953 | Tar:7    | Gained mutation: Your mind is acute. (Int +4, Str/Dex -1)
                  | [Jiyva's grace]
 75953 | Tar:7    | Gained mutation: Your mind is very acute. (Int +8, Str/Dex
                  | -2) [Jiyva's grace]
 75953 | Tar:7    | Gained mutation: You passively dampen the noise of your
                  | surroundings. [Jiyva's grace]
 76112 | Tar:7    | Identified the +6 broad axe of the Known World {freeze,
                  | rCorr Str+2 Dex+3}
 76114 | Tar:7    | Identified the ring "Xyfaitsu" {Ice Str+2 Slay+2 Stlth-}
 76406 | Tar:7    | Noticed Ereshkigal
 76442 | Tar:7    | Killed Ereshkigal
 76479 | Tar:7    | Got a bone rune of Zot
 76629 | Geh:1    | Entered Level 1 of Gehenna
 77215 | Geh:2    | Noticed a dread lich
 77218 | Geh:2    | Noticed a dread lich
 77219 | Geh:2    | Killed a dread lich
 77225 | Geh:2    | Killed a dread lich
 77228 | Geh:2    | Noticed a dread lich
 77232 | Geh:2    | Killed a dread lich
 77237 | Geh:2    | Noticed an ancient lich
 77243 | Geh:2    | Killed an ancient lich
 77248 | Geh:2    | Noticed an ancient lich
 77248 | Geh:2    | Noticed an ancient lich
 77259 | Geh:2    | Killed an ancient lich
 77262 | Geh:2    | Killed an ancient lich
 77380 | Geh:3    | Reached skill level 10 in Spellcasting
 77877 | Geh:5    | Lost mutation: You have a pair of small horns on your head.
                  | [Jiyva's grace]
 77877 | Geh:5    | Lost mutation: Your mind is very acute. (Int +8, Str/Dex
                  | -2) [Jiyva's grace]
 77877 | Geh:5    | Lost mutation: You are almost entirely resistant to further
                  | mutation and mutation removal. [Jiyva's grace]
 77877 | Geh:5    | Lost mutation: You are somewhat resistant to both further
                  | mutation and mutation removal. [Jiyva's grace]
 77877 | Geh:5    | Lost mutation: You are somewhat resistant to further
                  | mutation. [Jiyva's grace]
 77877 | Geh:5    | Lost mutation: Armour fits poorly on your large pseudopods.
                  | [Jiyva's grace]
 77877 | Geh:5    | Lost mutation: You passively dampen the noise of your
                  | surroundings. [Jiyva's grace]
 77877 | Geh:5    | Lost mutation: Your skin blends seamlessly with your
                  | surroundings (Stealth++). [Jiyva's grace]
 77877 | Geh:5    | Lost mutation: Your skin changes colour to match your
                  | surroundings (Stealth+). [Jiyva's grace]
 77877 | Geh:5    | Gained mutation: Your translucent skin slightly reduces
                  | your foes' accuracy. (Stealth+) [Jiyva's grace]
 77877 | Geh:5    | Gained mutation: Your translucent skin reduces your foes'
                  | accuracy. (Stealth+) [Jiyva's grace]
 77877 | Geh:5    | Gained mutation: Your transparent skin significantly
                  | reduces your foes' accuracy. (Stealth+) [Jiyva's grace]
 77877 | Geh:5    | Gained mutation: You are agile. (Dex +4, Str/Int -1)
                  | [Jiyva's grace]
 77896 | Geh:5    | Noticed an ancient lich
 77909 | Geh:5    | Killed an ancient lich
 78373 | Geh:7    | Entered Level 7 of Gehenna
 79144 | Geh:7    | Got the Compendium of Battling
 79299 | Geh:7    | Identified the ring "Qismysa" {Fly rCorr Int+3}
 79459 | Geh:7    | Found the +13 sceptre of Asmodeus
 79459 | Geh:7    | Noticed Asmodeus
 79474 | Geh:7    | Killed from afar by a Brimstone Fiend
 79647 | Geh:7    | Killed Asmodeus
 79739 | Geh:7    | Got an obsidian rune of Zot
 79780 | Geh:7    | Learned a level 6 spell: Death Channel
 80030 | Pan      | Entered Pandemonium
 80033 | Pan      | Gained mutation: Your body has grown eyes which may confuse
                  | attackers. (Acc +3) [Jiyva's grace]
 80033 | Pan      | Gained mutation: Your body has grown many eyes which may
                  | confuse attackers. (Acc +5) [Jiyva's grace]
 80033 | Pan      | Gained mutation: Your body is covered in eyes which may
                  | confuse attackers. (Acc +7, SInv) [Jiyva's grace]
 80033 | Pan      | Gained mutation: You have hidden genetic potential.
                  | [Jiyva's grace]
 80153 | Pan      | Noticed Bouheddu the pandemonium lord
 80168 | Pan      | Killed Bouheddu the pandemonium lord
 80603 | Pan      | Found a runed translucent door.
 80717 | Pan      | Noticed Osmiuwosm the pandemonium lord
 80723 | Pan      | Killed Osmiuwosm the pandemonium lord
 80790 | Pan      | Identified the +4 leather armour "Xisseaf" {*Corrode rElec
                  | rC++ Slay+5}
 80872 | Pan      | Noticed Focleguat the pandemonium lord
 80888 | Pan      | Killed Focleguat the pandemonium lord
 81022 | Pan      | Found a runed translucent door.
 81159 | Pan      | Got a demonic rune of Zot
 81384 | Pan      | Lost mutation: Your body is covered in eyes which may
                  | confuse attackers. (Acc +7, SInv) [Jiyva's grace]
 81384 | Pan      | Gained mutation: You have a small jelly attached to you
                  | that senses nearby items. [Jiyva's grace]
 81384 | Pan      | Gained mutation: Your rubbery body absorbs attacks. (AC +1,
                  | EV +1) [Jiyva's grace]
 81384 | Pan      | Gained mutation: Your pliable body absorbs attacks. (AC +2,
                  | EV +2) [Jiyva's grace]
 81384 | Pan      | Gained mutation: Your gelatinous body deflects attacks. (AC
                  | +3, EV +3) [Jiyva's grace]
 81678 | Pan      | Noticed Yttet the pandemonium lord
 81689 | Pan      | Killed Yttet the pandemonium lord
 81724 | Pan      | Gained mutation: You do not regenerate when monsters are
                  | visible. [a neqoxec]
 81737 | Pan      | Noticed Dookk the pandemonium lord
 81742 | Pan      | Killed Dookk the pandemonium lord
 81864 | Pan      | Lost mutation: You are partially covered in iridescent
                  | scales. (AC +2) [potion of mutation]
 81864 | Pan      | Lost mutation: You have a small jelly attached to you that
                  | senses nearby items. [potion of mutation]
 81864 | Pan      | Lost mutation: Your body has grown many eyes which may
                  | confuse attackers. (Acc +5) [potion of mutation]
 81864 | Pan      | Lost mutation: Your transparent skin significantly reduces
                  | your foes' accuracy. (Stealth+) [potion of mutation]
 81864 | Pan      | Lost mutation: Your body has grown eyes which may confuse
                  | attackers. (Acc +3) [potion of mutation]
 81865 | Pan      | Lost mutation: You expend magic power (3 MP) to strengthen
                  | your wands. [potion of mutation]
 81865 | Pan      | Lost mutation: You have a small jelly attached to you that
                  | may absorb projectiles. [potion of mutation]
 81865 | Pan      | Lost mutation: Your magical capacity is low. (-10% MP)
                  | [potion of mutation]
 81865 | Pan      | Gained mutation: A frigid envelope surrounds you and
                  | freezes all who hurt you. [potion of mutation]
 81866 | Pan      | Lost mutation: Your gelatinous body deflects attacks. (AC
                  | +3, EV +3) [potion of mutation]
 81866 | Pan      | Lost mutation: Your pliable body absorbs attacks. (AC +2,
                  | EV +2) [potion of mutation]
 81866 | Pan      | Gained mutation: You occasionally lose the ability to drink
                  | potions when taking damage. [potion of mutation]
 81866 | Pan      | Gained mutation: You are partially covered in large bone
                  | plates. (SH +4) [potion of mutation]
 81867 | Pan      | Lost mutation: You do not regenerate when monsters are
                  | visible. [potion of mutation]
 81867 | Pan      | Lost mutation: Your rubbery body absorbs attacks. (AC +1,
                  | EV +1) [potion of mutation]
 81867 | Pan      | Lost mutation: You are agile. (Dex +4, Str/Int -1) [potion
                  | of mutation]
 81867 | Pan      | Lost mutation: You are partially covered in large bone
                  | plates. (SH +4) [potion of mutation]
 81868 | Pan      | Lost mutation: Your translucent skin reduces your foes'
                  | accuracy. (Stealth+) [potion of mutation]
 81868 | Pan      | Lost mutation: Your muscles are strong. (Str +4, Int/Dex
                  | -1) [potion of mutation]
 81870 | Pan      | Lost mutation: Your mind is acute. (Int +4, Str/Dex -1)
                  | [potion of mutation]
 81870 | Pan      | Lost mutation: A frigid envelope surrounds you and freezes
                  | all who hurt you. [potion of mutation]
 81870 | Pan      | Lost mutation: You have hidden genetic potential. [potion
                  | of mutation]
 81870 | Pan      | Gained mutation: You sometimes lose the ability to drink
                  | potions when taking damage. [potion of mutation]
 81870 | Pan      | Gained mutation: You are strong-willed. (Will+) [potion of
                  | mutation]
 81871 | Pan      | Lost mutation: You sometimes lose the ability to drink
                  | potions when taking damage. [potion of mutation]
 81871 | Pan      | Lost mutation: You are strong-willed. (Will+) [potion of
                  | mutation]
 81871 | Pan      | Lost mutation: Your translucent skin slightly reduces your
                  | foes' accuracy. (Stealth+) [potion of mutation]
 81871 | Pan      | Gained mutation: You have hidden genetic defects. [potion
                  | of mutation]
 81871 | Pan      | Lost mutation: Armour fits poorly on your pseudopods.
                  | [potion of mutation]
 81871 | Pan      | Gained mutation: You occasionally shout uncontrollably at
                  | your foes. [potion of mutation]
 81871 | Pan      | Gained mutation: Your flesh is heat resistant. (rF+)
                  | [potion of mutation]
 81872 | Pan      | Lost mutation: You have hidden genetic defects. [potion of
                  | mutation]
 81872 | Pan      | Lost mutation: Your flesh is heat resistant. (rF+) [potion
                  | of mutation]
 81872 | Pan      | Lost mutation: You occasionally lose the ability to drink
                  | potions when taking damage. [potion of mutation]
 81872 | Pan      | Lost mutation: You occasionally shout uncontrollably at
                  | your foes. [potion of mutation]
 81872 | Pan      | Gained mutation: You have an increased reservoir of magic.
                  | (+10% MP) [potion of mutation]
 82135 | Pan      | Noticed Tinae the pandemonium lord
 82146 | Pan      | Killed Tinae the pandemonium lord
 82407 | Pan      | Identified the +0 tower shield "Ehighint" {rC+ Will+}
 82487 | Pan      | Found a white marble altar of Elyvilon.
 82576 | Pan      | Gained mutation: You have hidden genetic potential.
                  | [Jiyva's grace]
 82576 | Pan      | Gained mutation: You have great hidden genetic potential.
                  | [Jiyva's grace]
 82576 | Pan      | Gained mutation: Your muscles are strong. (Str +4, Int/Dex
                  | -1) [Jiyva's grace]
 82576 | Pan      | Gained mutation: Your muscles are very strong. (Str +8,
                  | Int/Dex -2) [Jiyva's grace]
 82675 | Pan      | Acquired the ring of Teninesoi {rF+ rC+++ rN+ rCorr Int-5}
 82946 | Pan      | Identified the +7 tower shield of Action {Rampage rC- Int+3
                  | SInv}
 82960 | Pan      | HP: 6/146 [daeva/divine providence (12)]
 83092 | Pan      | Found a glowing silver altar of Zin.
 83483 | Pan      | Noticed a seraph
 83496 | Pan      | Killed a seraph
 83503 | Pan      | Identified the +9 plate armour of the Farmer {Dex+4}
 83514 | Pan      | Found a glowing golden altar of the Shining One.
 83547 | Pan      | Identified the +11 short sword of Accord {vamp, +Blink
                  | Str-5 SInv}
 84008 | Pan      | Entered the realm of Cerebov.
 84231 | Pan      | Reached skill level 15 in Spellcasting
 84298 | Pan      | Lost mutation: You have great hidden genetic potential.
                  | [Jiyva's grace]
 84298 | Pan      | Gained mutation: Your spells are a little harder to cast,
                  | but a little more powerful. [Jiyva's grace]
 84298 | Pan      | Gained mutation: Your spells are harder to cast, but more
                  | powerful. [Jiyva's grace]
 84298 | Pan      | Gained mutation: Your spells are much harder to cast, but
                  | much more powerful. [Jiyva's grace]
 84298 | Pan      | Gained mutation: You have a small jelly attached to you
                  | that may absorb projectiles. [Jiyva's grace]
 84542 | Pan      | Identified the +9 trident "Arcanum" {drain, Dex+4}
 84557 | Pan      | Found the +6 sword of Cerebov {flame}
 84557 | Pan      | Noticed Cerebov
 84582 | Pan      | Killed Cerebov
 84640 | Pan      | Identified the ring of Untruth {Will+ Str+2 Dex+3}
 84642 | Pan      | Identified the amulet of Ducujot {Reflect rPois Will++
                  | Str-5 SH+5}
 84661 | Pan      | Identified the ring of Gluttony {+Blink rElec rC+ Dex+6}
 84670 | Pan      | Identified the +8 mace of Law {antimagic, rCorr Dex-4
                  | Stlth+}
 84672 | Pan      | Got a fiery rune of Zot
 84680 | Pan      | Identified the ring "Ytrethri" {rElec Str-3 Dex+6 SInv
                  | Stlth+}
 84713 | Pan      | Identified the +2 scale mail of the Worm {Int+5}
 85022 | Pan      | Noticed Fiuc the pandemonium lord
 85030 | Pan      | Killed Fiuc the pandemonium lord
 85456 | Pan      | Noticed Ysyucw the pandemonium lord
 85467 | Pan      | Killed Ysyucw the pandemonium lord
 85522 | Pan      | Entered the realm of Lom Lobon.
 86240 | Pan      | Noticed Lom Lobon
 86301 | Pan      | Killed Lom Lobon
 86385 | Pan      | Got a magical rune of Zot
 86603 | Pan      | Gained mutation: You have a pair of small antennae on your
                  | head. [hidden potential]
 86645 | Pan      | Reached skill level 27 in Shapeshifting
 86666 | Pan      | Found an exit through the horrors of the Abyss.
 86673 | Pan      | Noticed Zybirchicza the pandemonium lord
 86685 | Pan      | Killed Zybirchicza the pandemonium lord
 86711 | Pan      | Learned a level 9 spell: Dragon's Call
 86717 | Pan      | Lost mutation: You have hidden genetic potential. [a
                  | neqoxec]
 86751 | Pan      | Lost mutation: You have a small jelly attached to you that
                  | may absorb projectiles. [Jiyva's grace]
 86751 | Pan      | Gained mutation: Your body has grown eyes which may confuse
                  | attackers. (Acc +3) [Jiyva's grace]
 86751 | Pan      | Gained mutation: Your body has grown many eyes which may
                  | confuse attackers. (Acc +5) [Jiyva's grace]
 86751 | Pan      | Gained mutation: Your body is covered in eyes which may
                  | confuse attackers. (Acc +7, SInv) [Jiyva's grace]
 86751 | Pan      | Gained mutation: You are partially covered in iridescent
                  | scales. (AC +2) [Jiyva's grace]
 87117 | Pan      | Reached skill level 1 in Summonings
 87402 | Pan      | Noticed Qetacama the pandemonium lord
 87409 | Pan      | Killed Qetacama the pandemonium lord
 87540 | Pan      | Found a runed translucent door.
 87572 | Pan      | Reached skill level 27 in Fighting
 87592 | Pan      | Noticed Xuemesse the pandemonium lord
 87603 | Pan      | Killed Xuemesse the pandemonium lord
 87615 | Pan      | Entered the realm of Mnoleg.
 87686 | Pan      | Found an exit through the horrors of the Abyss.
 87766 | Pan      | Lost mutation: Your muscles are very strong. (Str +8,
                  | Int/Dex -2) [a neqoxec]
 87768 | Pan      | Gained mutation: You occasionally lose the ability to drink
                  | potions when taking damage. [a cacodemon]
 87782 | Pan      | Noticed Mnoleg
 87786 | Pan      | Gained mutation: Potions are less effective at restoring
                  | your health. [a neqoxec]
 87788 | Pan      | Gained mutation: You sometimes lose the ability to drink
                  | potions when taking damage. [a cacodemon]
 87802 | Pan      | Gained mutation: You occasionally lose the ability to read
                  | scrolls when taking damage. [a cacodemon]
 87804 | Pan      | Gained mutation: You have hidden genetic defects. [Mnoleg's
                  | mutagenic touch]
 87818 | Pan      | Killed Mnoleg
 87843 | Pan      | Lost mutation: You have an increased reservoir of magic.
                  | (+10% MP) [potion of mutation]
 87843 | Pan      | Lost mutation: You have a pair of small antennae on your
                  | head. [potion of mutation]
 87843 | Pan      | Lost mutation: You sometimes lose the ability to drink
                  | potions when taking damage. [potion of mutation]
 87843 | Pan      | Lost mutation: Your body is covered in eyes which may
                  | confuse attackers. (Acc +7, SInv) [potion of mutation]
 87844 | Pan      | Lost mutation: You have hidden genetic defects. [potion of
                  | mutation]
 87844 | Pan      | Lost mutation: You occasionally lose the ability to read
                  | scrolls when taking damage. [potion of mutation]
 87844 | Pan      | Gained mutation: You have a pair of small horns on your
                  | head. [potion of mutation]
 87849 | Pan      | Got a glowing rune of Zot
 87955 | Pan      | Entered the realm of Gloorx Vloq.
 87957 | Pan      | Reached skill level 5 in Summonings
 88012 | Pan      | Lost mutation: You have a pair of small horns on your head.
                  | [Jiyva's grace]
 88012 | Pan      | Lost mutation: Potions are less effective at restoring your
                  | health. [Jiyva's grace]
 88012 | Pan      | Lost mutation: You occasionally lose the ability to drink
                  | potions when taking damage. [Jiyva's grace]
 88012 | Pan      | Gained mutation: Your flesh is cold resistant. (rC+)
                  | [Jiyva's grace]
 88012 | Pan      | Gained mutation: Your flesh is very cold resistant. (rC++)
                  | [Jiyva's grace]
 88012 | Pan      | Gained mutation: Your flesh is almost immune to the effects
                  | of cold. (rC+++) [Jiyva's grace]
 88012 | Pan      | Gained mutation: Your natural rate of healing is unusually
                  | fast. [Jiyva's grace]
 88202 | Pan      | Noticed Gloorx Vloq
 88218 | Pan      | Killed Gloorx Vloq
 88259 | Pan      | Acquired 723 gold pieces
 88281 | Pan      | Got a dark rune of Zot
 88525 | Pan      | Got the Quarto of Command and Variation
 89259 | Pan      | Found an exit through the horrors of the Abyss.
 89291 | Pan      | Took an exit into the Abyss.
 89291 | Abyss:3  | Escaped into the Abyss
 89336 | Depths:2 | Escaped the Abyss
 89500 | Coc:1    | Entered Level 1 of Cocytus
 89899 | Coc:3    | You are sucked into a shaft and drop 2 floors!
 89934 | Coc:5    | Paralysed by a wendigo for 1 turns
 89950 | Coc:5    | Reached skill level 10 in Summonings
 90054 | Coc:6    | Reached skill level 27 in Necromancy
 90282 | Coc:7    | Entered Level 7 of Cocytus
 90454 | Coc:7    | Lost mutation: Your natural rate of healing is unusually
                  | fast. [Jiyva's grace]
 90454 | Coc:7    | Lost mutation: Your body has grown many eyes which may
                  | confuse attackers. (Acc +5) [Jiyva's grace]
 90454 | Coc:7    | Gained mutation: Your melee attacks may engulf your foes in
                  | ooze. [Jiyva's grace]
 90454 | Coc:7    | Gained mutation: You have hidden genetic potential.
                  | [Jiyva's grace]
 90454 | Coc:7    | Gained mutation: You have great hidden genetic potential.
                  | [Jiyva's grace]
 90454 | Coc:7    | Gained mutation: You have a pair of small antennae on your
                  | head. [Jiyva's grace]
 90540 | Coc:7    | Got the Book of the Comitatus
 90921 | Coc:7    | Noticed Antaeus
 90954 | Coc:7    | Killed Antaeus
 91073 | Coc:7    | Got an icy rune of Zot
 91216 | Coc:7    | Noticed the Serpent of Hell
 91221 | Coc:7    | Killed the Serpent of Hell
 91341 | Coc:7    | Identified the ring of Kuppufat {rPois rF+ Str+2}
 91604 | Dis:1    | Entered Level 1 of the Iron City of Dis
 91623 | Dis:1    | Reached skill level 15 in Summonings
 92287 | Dis:5    | Noticed a dread lich
 92300 | Dis:5    | Killed a dread lich
 92395 | Dis:5    | Gained mutation: You have a pair of antennae on your head.
                  | [hidden potential]
 92934 | Dis:7    | Entered Level 7 of the Iron City of Dis
 93023 | Dis:7    | Lost mutation: You have a pair of antennae on your head.
                  | [Jiyva's grace]
 93023 | Dis:7    | Lost mutation: You are partially covered in iridescent
                  | scales. (AC +2) [Jiyva's grace]
 93023 | Dis:7    | Lost mutation: Your flesh is almost immune to the effects
                  | of cold. (rC+++) [Jiyva's grace]
 93023 | Dis:7    | Lost mutation: Your flesh is very cold resistant. (rC++)
                  | [Jiyva's grace]
 93023 | Dis:7    | Lost mutation: Your muscles are strong. (Str +4, Int/Dex
                  | -1) [Jiyva's grace]
 93023 | Dis:7    | Lost mutation: Your melee attacks may engulf your foes in
                  | ooze. [Jiyva's grace]
 93023 | Dis:7    | Gained mutation: Your mind is acute. (Int +4, Str/Dex -1)
                  | [Jiyva's grace]
 93023 | Dis:7    | Gained mutation: Your mind is very acute. (Int +8, Str/Dex
                  | -2) [Jiyva's grace]
 93023 | Dis:7    | Gained mutation: You have a small jelly attached to you
                  | that may absorb projectiles. [Jiyva's grace]
 93023 | Dis:7    | Gained mutation: You have a pair of antennae on your head.
                  | [Jiyva's grace]
 93635 | Dis:7    | Noticed a juggernaut
 93642 | Dis:7    | Killed a juggernaut
 93690 | Dis:7    | Noticed Dispater
 93710 | Dis:7    | Killed Dispater
 93725 | Dis:7    | Found the +2 cloak of the Thief {*Fog Slay-2 SInv Stlth+}
 93739 | Dis:7    | Got an iron rune of Zot
 93740 | Dis:7    | Identified the +1 halberd of the Living Dead {spect,
                  | Fragile rElec rPois SInv}
 94091 | Dis:7    | Noticed a juggernaut
 94101 | Dis:7    | Killed a juggernaut
 95463 | Tomb:2   | Noticed a royal mummy
 95463 | Tomb:2   | Noticed a royal mummy
 95466 | Tomb:2   | Noticed a royal mummy
 95466 | Tomb:2   | Noticed a royal mummy
 95470 | Tomb:2   | HP: 7/149 [royal mummy (2)]
 95471 | Tomb:2   | Slain by a flying skull
 95657 | Tomb:2   | Killed a royal mummy
 95674 | Tomb:2   | Killed a royal mummy
 95685 | Tomb:2   | Gained mutation: You are agile. (Dex +4, Str/Int -1)
                  | [hidden potential]
 95685 | Tomb:2   | Lost mutation: You have great hidden genetic potential.
                  | [hidden potential expressed]
 95689 | Tomb:2   | Killed a royal mummy
 95712 | Tomb:2   | Killed a royal mummy
 95880 | Tomb:1   | Noticed a royal mummy
 95884 | Tomb:1   | Killed a royal mummy
 95896 | Tomb:1   | Noticed a royal mummy
 95899 | Tomb:1   | Killed a royal mummy
 95977 | Tomb:1   | Noticed a royal mummy
 95985 | Tomb:1   | Killed a royal mummy
 95989 | Tomb:1   | Noticed a royal mummy
 95995 | Tomb:1   | Killed a royal mummy
 96000 | Tomb:1   | Noticed a royal mummy
 96014 | Tomb:1   | Killed a royal mummy
 96029 | Tomb:1   | Noticed a royal mummy
 96033 | Tomb:1   | Noticed a royal mummy
 96037 | Tomb:1   | Killed a royal mummy
 96039 | Tomb:1   | Noticed a royal mummy
 96042 | Tomb:1   | Killed a royal mummy
 96068 | Tomb:1   | Killed a royal mummy
 96161 | Tomb:1   | Noticed a royal mummy
 96166 | Tomb:1   | Killed a royal mummy
 96169 | Tomb:1   | Noticed a royal mummy
 96171 | Tomb:1   | Noticed a royal mummy
 96182 | Tomb:1   | Killed a royal mummy
 96184 | Tomb:1   | Killed a royal mummy
 96236 | Tomb:1   | Noticed a royal mummy
 96242 | Tomb:1   | Killed a royal mummy
 96260 | Tomb:1   | Noticed a royal mummy
 96269 | Tomb:1   | Killed a royal mummy
 96274 | Tomb:1   | Noticed a royal mummy
 96281 | Tomb:1   | Killed a royal mummy
 96281 | Tomb:1   | Noticed a royal mummy
 96302 | Tomb:1   | Noticed a royal mummy
 96305 | Tomb:1   | Killed a royal mummy
 96316 | Tomb:1   | Killed a royal mummy
 96379 | Tomb:1   | Noticed a royal mummy
 96387 | Tomb:1   | Killed a royal mummy
 96498 | Tomb:1   | Noticed a royal mummy
 96501 | Tomb:1   | Killed a royal mummy
 96553 | Tomb:2   | Gained mutation: You are weak. (Str -2) [mutagenic glow]
 96566 | Tomb:2   | Gained mutation: You are vulnerable to heat. (rF-)
                  | [mutagenic glow]
 96636 | Tomb:2   | Learned a level 7 spell: Enfeeble
 96691 | Tomb:3   | Entered Level 3 of the Tomb of the Ancients
 96706 | Tomb:3   | Noticed a royal mummy
 96710 | Tomb:3   | Noticed a royal mummy
 96732 | Tomb:3   | Killed a royal mummy
 96741 | Tomb:3   | HP: 4/149 [disintegration (18)]
 96747 | Tomb:3   | Killed a royal mummy
 96763 | Tomb:3   | HP: 3/141 [mummy priest/divine providence (9)]
 96802 | Tomb:3   | Noticed a royal mummy
 96812 | Tomb:3   | Killed a royal mummy
 96819 | Tomb:3   | Noticed a royal mummy
 96822 | Tomb:3   | Killed a royal mummy
 96823 | Tomb:3   | Noticed a royal mummy
 96827 | Tomb:3   | Killed a royal mummy
 96828 | Tomb:3   | Noticed a royal mummy
 96839 | Tomb:3   | Noticed a royal mummy
 96845 | Tomb:3   | Killed a royal mummy
 96852 | Tomb:3   | Killed a royal mummy
 97001 | Tomb:3   | Found the +8 longbow "Zephyr" {speed, Dex+3 SInv}
 97001 | Tomb:3   | Found the +27 heavy crossbow "Sniper" {heavy, Acc+∞ SInv}
 97006 | Tomb:3   | Found the +11 Singing Sword {sonic wave}
 97009 | Tomb:3   | Identified the ring of Mupy {Fire Int+3}
 97011 | Tomb:3   | Identified the staff "Geat" {rPois rF- Int+5 Poison}
 97012 | Tomb:3   | Identified the +5 scimitar "Layhep" {elec, Str+2 Stlth+}
 97013 | Tomb:3   | Identified the ring of Peugumixt {rN+ MP+9 EV+5}
 97017 | Tomb:3   | Identified the +4 arbalest of Begomuex {freeze, rPois Str-3
                  | Int+2 SInv}
 97030 | Tomb:3   | Noticed a royal mummy
 97044 | Tomb:3   | Killed a royal mummy
 97070 | Tomb:3   | Lost mutation: You have a pair of antennae on your head.
                  | [Jiyva's grace]
 97070 | Tomb:3   | Lost mutation: You are weak. (Str -2) [Jiyva's grace]
 97070 | Tomb:3   | Lost mutation: Your spells are much harder to cast, but
                  | much more powerful. [Jiyva's grace]
 97070 | Tomb:3   | Lost mutation: You are vulnerable to heat. (rF-) [Jiyva's
                  | grace]
 97070 | Tomb:3   | Gained mutation: Your natural rate of healing is unusually
                  | fast. [Jiyva's grace]
 97070 | Tomb:3   | Gained mutation: You heal very quickly. [Jiyva's grace]
 97070 | Tomb:3   | Gained mutation: You regenerate. [Jiyva's grace]
 97070 | Tomb:3   | Gained mutation: You are very agile. (Dex +8, Str/Int -2)
                  | [Jiyva's grace]
 97097 | Tomb:3   | Got a golden rune of Zot
 98042 | Zot:5    | Got the Orb of Zot
 98312 | Zot:1    | Noticed Vemuttou the pandemonium lord
 98325 | Zot:1    | Killed Vemuttou the pandemonium lord
 98678 | D:14     | Gained mutation: You possess an exceptional clarity of
                  | mind. [hidden potential]
 98953 | D:1      | Noticed Haetutta the pandemonium lord
 98965 | D:$      | Escaped with the Orb!

Illustrated notes

Levels and vault maps discovered:
D:1:      dpeg_arrival_arbitrary_b, layout_rooms, minmay_hedge_maze,
          hex_intersection
D:2:      layout_basic
D:3:      layout_basic, shapermc_ecumenical_altar_petra
D:4:      layout_basic, mainiacjoe_overflow_surrounded_room
D:5:      layout_basic, minmay_temple_entry_mist, gammafunk_ghost_necromancy
D:6:      layout_basic, serial_shops, nicolae_stop_n_shop_2
D:7:      layout_rooms, uniq_joseph
D:8:      layout_cave_pods, lair_entry_dummy, minmay_fountain_box,
          nrook_mini_vaults, nicolae_elevator_lobby_asterisk
D:9:      minmay_the_grid_triangle_9x9_rhombus_thin_mashed
          [minmay_the_grid_triangle_9x9_stretched_checkered,
          minmay_the_grid_triangle_9x9_prize_schism,
          minmay_the_grid_triangle_9x9_sprig,
          minmay_the_grid_triangle_9x9_limited_checkers], layout_long_grid,
          grunt_decor_junction, nicolae_wooded_promenade,
          chequers_serial_rivers_room_b, uniq_amaemon
D:10:     minmay_inner_zag, layout_irregular_city
D:11:     layout_roguey, uniq_nergalle
D:12:     minmay_octagon_keep, layout_loops_ring, david_orc_3, uniq_psyche,
          uniq_frances
D:13:     layout_rooms, serial_demonic, serial_demonic_f, serial_demonic_d,
          serial_demonic_d, serial_demonic_g
D:14:     minmay_bloctagon, layout_irregular_city,
          hangedman_vaults_entry_quadrant_bands, corexii_hall_statues_u
D:15:     grunt_enter_depths_hoard, layout_basic
Temple:   mainiacjoe_temple_hex_bubbles
Lair:1:   layout_gridlike, nicolae_volcano_entry_hallway, lemuel_fruit_fields,
          lemuel_fruit_fields
Lair:2:   gammafunk_indiana_jones, layout_cave_shapes
Lair:3:   layout_gridlike, minmay_shoals_entry_hut,
          nicolae_spider_entry_non_spiders, grunt_megastairs_1,
          serial_bayou_shore_b
Lair:4:   layout_regular_city, nicolae_slime_entry_slimehenge
Lair:5:   hangedman_lair_tendril_chambers, layout_cave_pods,
          guppyfry_lair_end_dragon, uniq_snorg
Shoals:1: layout_shoals, portal_ice_cave_entry_dragon, uniq_jorgrun
Shoals:2: layout_shoals, uniq_polyphemus, uniq_ilsuiw
Shoals:3: layout_shoals, serial_shops, shop_statue, nicolae_shoals_hunting_party
Shoals:4: shoals_end_grunt_garden, layout_shoals, serial_shops, shop
Spider:1: layout_spider_delve, drop_trap, nicolae_spider_swamp_cousins,
          uniq_donald
Spider:2: layout_cave_pods, hellmonk_deceptive_appearances, uniq_agnes,
          uniq_roxanne
Spider:3: layout_cave_pods, einodemon_crawler_minivault
Spider:4: grunt_spider_rune_island
Slime:1:  layout_caves
Slime:2:  layout_caves
Slime:3:  layout_caves
Slime:4:  layout_caves
Slime:5:  slime_pit
Orc:1:    layout_caves, serial_shops, shop, okawaru_metal_pillars_3, uniq_urug
Orc:2:    st_orc_open, layout_caves, serial_shops, shop,
          nicolae_shop_behind_doors, shop, shop, shop
Elf:1:    nicolae_elf_arrival_fired_up, layout_loops_corners,
          hangedman_corner_corridor, drop_trap, minivault_13
Elf:2:    elven_hall_of_blades_hangedman_original
          [nicolae_blade_entry_antechamber], layout_geoelf_grid, serial_shops,
          bzr_in_the_mist, uniq_saint_roka
Elf:3:    grunt_elf_hall_diamonds, layout_geoelf_castle, st_stairs_4
Vaults:1: nicolae_vaults_double_plus_2, nicolae_vaults_apartment_1,
          hangedman_vaults_locks, v_misc_16, vaults_mumra_hex, v_misc_4,
          v_misc_19, nicolae_vaults_border_crossing, ontoclasm_vaults_chip,
          layout_vaults_chaotic_city, serial_shops, nicolae_square_shop
Vaults:2: gammafunk_ghost_mausoleum, minmay_crypt_entry_necro_gods, v_misc_27,
          v_alt_pattern_3, v_misc_33, nicolae_vaults_octothorpe,
          nicolae_vaults_network_square, hangedman_vaults_slice,
          layout_vaults_quadrants, serial_shops, shop, nicolae_shop_peninsula
Vaults:3: nicolae_vaults_shipping_containers_7,
          nicolae_vaults_storage_closets_2, nicolae_vaults_diagonal_hallway_7,
          nicolae_vaults_little_squares_4, hangedman_vaults_corner_blocks,
          v_misc_18, nicolae_vaults_trapezoid_3, hangedman_vaults_river_flow,
          vaults_mumra_minichess, ontoclasm_vaults_hangar, v_pattern_4,
          vaults_mumra_chevron, nicolae_vaults_trapezoid_2, layout_vaults_ring,
          serial_shops, shop, shop, shop, shop_statue,
          nicolae_shop_back_alley_shop
Vaults:4: portal_desolation_entry_nicolae_slug, hangedman_vaults_snaps,
          ontoclasm_vaults_pinch, v_misc_19, vaults_room_pools,
          nicolae_vaults_trapezoid_lopsided_3, vaults_dpeg_cross,
          nicolae_vaults_prndl, layout_vaults_big_cross, serial_shops,
          statue_bzr, nicolae_shop_just_a_little_nook, nicolae_shop_tiny_glass,
          nicolae_shop_competitors_out_of_business
Vaults:5
Crypt:1:  layout_catacombs
Crypt:2:  layout_gridlike, basic_altar
Crypt:3:  cryptofortress_bobbens, uniq_sojobo, uniq_margery, uniq_grunn
Tomb:1
Tomb:2
Tomb:3
Depths:1: gold_lair_mu, layout_gridlike, hell_entry, grunt_gozag_breadcrumbs,
          kennysheep_path_1, nemelex_altar_shiori
Depths:2: minmay_complete_graph, layout_cave_shapes, enter_ziggurat_a,
          pan_entry, hell_entry, abyss_entry, fiery_altar_vehumet,
          minmay_misc_feat_square, dancing_weapons_uskayaw,
          minmay_staircase_windowed_small, uniq_aizul
Depths:3: hangedman_slaughterboxes, hell_entry, abyss_entry, uniq_xtahua
Depths:4: evilmike_zot_entry_gauntlet, layout_gridlike, grunt_hell_horde,
          nicolae_sif_muna_condensation, infiniplex_enter_wizlab_water
Hell
Dis:1:    layout_overlapping_boxes
Dis:2:    layout_regular_city
Dis:3:    layout_gridville
Dis:4:    layout_subdivisions
Dis:5:    layout_regular_city, nicolae_dis_big_boring_drill
Dis:6:    hangedman_dis_decor_blocks_talon, layout_jigsaw
Dis:7:    dis_st
Geh:1:    layout_gehenna_pools_box
Geh:2:    layout_gehenna_pools_basic, nicolae_hells_leichenhalle
Geh:3:    layout_gehenna_pools_box
Geh:4:    layout_gehenna_lava_caves
Geh:5:    layout_gehenna_pools_triple
Geh:6:    layout_gehenna_pools_triple
Geh:7:    geh_grunt
Coc:1:    layout_ice_bergs
Coc:2:    layout_ice_bergs
Coc:3:    hangedman_mysterious_dungeon_monster_house
Coc:5:    layout_cocytus_water_paths
Coc:6:    layout_cocytus_delve, nicolae_hells_fiendish_ambush
Coc:7:    coc_mu
Tar:1:    layout_honeycomb
Tar:2:    layout_grid_maze
Tar:3:    layout_catacombs, nicolae_tar_honey_rotating
Tar:4:    layout_cathedral_of_symmetry
Tar:5:    layout_grid_maze, nicolae_tar_honey_chapel
Tar:6:    layout_honeycomb
Tar:7:    tar_old
Zot:1:    layout_concentric_octagons, nicolae_shop_clearance
Zot:2:    nicolae_zot_draconian_monastery, layout_onion, lemuel_golem_globe
Zot:3:    layout_cathedral_of_symmetry, uniq_josephina
Zot:4:    gammafunk_the_bubble [the_bubble_gammafunk_plus_minus], layout_basic,
          grunt_megastairs_3
Zot:5:    layout_basic

Skill      XL: |  1  2  3  4  5  6  7  8  9 10 11 12 13 14 15 16 17 18 19 20 21 22 23 24 25 26 27 |
---------------+----------------------------------------------------------------------------------+-----
Dodging        | 3 4 5 8 9 10 11 13 14 16 18 20 21 22 24 26 27 | 27.0
Stealth        | 1 2 3 4 5 7 8 12 15 17 19 | 19.1
Unarmed Combat | 3 4 5 6 7 8 10 11 12 13 14 15 16 17 19 20 22 24 27 | 27.0
Shapeshifting  | 4 6 7 8 9 12 16 20 21 22 23 24 25 26 27 | 27.0
Fighting       | 3 5 6 8 9 11 13 14 15 17 18 19 21 27 | 27.0
Evocations     | 4 5 6 9 11 13 14 | 14.8
Necromancy     | 3 6 7 8 10 12 13 15 17 27 | 27.0
Transmutations | 2 4 |  4.5
Translocations | 4 8 11 13 16 19 21 27 | 27.0
Spellcasting   | 22 | 22.7
Summonings     | 24 | 24.3

Action                     |  1- 3 |  4- 6 |  7- 9 | 10-12 | 13-15 | 16-18 | 19-21 | 22-24 | 25-27 || total
---------------------------+-------+-------+-------+-------+-------+-------+-------+-------+-------++-------
  Melee: Unarmed           |    75 |   104 |   327 |   615 |  1568 |   935 |   963 |  1180 |  4703 || 10470
         Bite              |     7 |    15 |    32 |    93 |   200 |       |       |       |     9 ||   356
         Punch             |     3 |     4 |    12 |    53 |   166 |    75 |   101 |   144 |   743 ||  1301
   Cast: Wereblood         |       |       |       |       |       |       |     1 |       |    37 ||    38
         Manifold Assault  |       |       |       |       |       |       |     5 |     8 |   321 ||   334
         Passage of Golubr |       |       |       |       |       |       |       |       |    13 ||    13
         Death Channel     |       |       |       |       |       |       |       |       |    27 ||    27
         Death's Door      |       |       |       |       |       |       |       |       |    19 ||    19
         Dragon's Call     |       |       |       |       |       |       |       |       |     9 ||     9
         Dispersal         |       |       |       |       |       |       |       |       |     1 ||     1
 Invoke: Call Merchant     |       |       |       |       |     2 |     1 |     1 |     2 |       ||     6
Ability: Blinkbolt         |       |       |       |       |       |     5 |     4 |     2 |    38 ||    49
  Evoke: Wand              |       |       |    10 |    26 |    15 |       |       |       |    11 ||    62
         Condenser vane    |       |       |       |     3 |     2 |     1 |     2 |       |       ||     8
         Lightning rod     |       |       |       |     9 |     8 |       |       |       |       ||    17
         Phial of floods   |       |       |       |       |     2 |       |     1 |       |       ||     3
         Box of beasts     |       |       |       |       |     1 |       |       |       |     2 ||     3
         Phantom mirror    |       |       |       |       |       |       |       |       |     1 ||     1
    Use: Scroll            |       |     5 |     3 |     4 |    12 |     9 |     5 |     2 |    25 ||    65
         Potion            |       |       |     2 |    10 |    19 |     7 |       |     5 |    38 ||    81
   Stab: Sleeping          |     6 |     9 |    10 |    13 |    16 |    25 |    49 |    43 |    73 ||   244
         Distracted        |     1 |     1 |     1 |     6 |    22 |    18 |    29 |    15 |    41 ||   134
         Paralysed         |       |       |       |     2 |     4 |       |       |       |     1 ||     7
         Confused          |       |       |       |       |     1 |       |       |       |     1 ||     2
         Petrified         |       |       |       |       |       |    12 |       |       |       ||    12
         Petrifying        |       |       |       |       |       |     3 |       |       |       ||     3
         Invisible         |       |       |       |       |       |       |       |     3 |       ||     3
 Armour: Skin              |     2 |     3 |     6 |    43 |    69 |    64 |    42 |    83 |   291 ||   603
  Dodge: Dodged            |    70 |    84 |   311 |   625 |  1841 |  1298 |   965 |  1370 |  4535 || 11099
  Block: Other             |     4 |     4 |       |       |       |       |       |       |       ||     8
         Reflection        |       |     1 |       |       |       |       |       |       |       ||     1
   Form: Storm             |       |       |       |       |     1 |       |       |       |     2 ||     3
         Death             |       |       |       |       |       |       |       |       |     2 ||     2

Table legend: (Time is in decaauts)
 A = Elapsed time spent in this place.
 B = Non-inter-level travel time spent in this place.
 C = Inter-level travel time spent in this place.
 D = Time resting spent in this place.
 E = Time spent auto-exploring this place.
 F = Levels seen in this place.
 G = Mean time per level.
                   A        B        C        D        E       F      G
               +--------+--------+--------+--------+--------+-----+--------+
         Total |  92523 |  82517 |  10006 |  10303 |  42676 | 117 |  790.8 |
       Dungeon |  19031 |  15972 |   3059 |   3416 |   7689 |  15 | 1268.7 |
        Temple |    124 |    112 |     12 |      0 |    103 |   1 |  124.0 |
          Lair |   8916 |   8137 |    779 |   2498 |   2888 |   5 | 1783.2 |
        Shoals |   3831 |   3696 |    135 |    124 |   2632 |   4 |  957.8 |
   Spider Nest |   3947 |   3727 |    220 |    158 |   2626 |   4 |  986.8 |
    Slime Pits |   2893 |   2671 |    222 |     70 |   1268 |   5 |  578.6 |
  Orcish Mines |   1217 |   1149 |     68 |      0 |    907 |   2 |  608.5 |
   Elven Halls |   4006 |   3719 |    287 |    190 |   2218 |   3 | 1335.3 |
        Vaults |   7024 |   5785 |   1239 |      6 |   4368 |   5 | 1404.8 |
         Crypt |   3445 |   3081 |    364 |    329 |   1903 |   3 | 1148.3 |
          Tomb |   2975 |   2747 |    228 |    717 |    262 |   3 |  991.7 |
        Depths |   5930 |   4200 |   1730 |    314 |   2456 |   4 | 1482.5 |
          Hell |    856 |    697 |    159 |     41 |    166 |   1 |  856.0 |
           Dis |   2991 |   2739 |    252 |    605 |   1163 |   7 |  427.3 |
       Gehenna |   3060 |   2871 |    189 |    347 |   1422 |   7 |  437.1 |
       Cocytus |   1908 |   1839 |     69 |    141 |    848 |   6 |  318.0 |
      Tartarus |   2686 |   2553 |    133 |    251 |   1177 |   7 |  383.7 |
           Zot |   5593 |   4740 |    853 |    152 |   3055 |   5 | 1118.6 |
         Abyss |    458 |    458 |      0 |      0 |     26 |   4 |  114.5 |
   Pandemonium |   8573 |   8573 |      0 |    570 |   4195 |  20 |  428.6 |
        Bazaar |    125 |    125 |      0 |      0 |      0 |   2 |   62.5 |
      Ice Cave |    713 |    713 |      0 |      2 |    549 |   1 |  713.0 |
       Volcano |    609 |    609 |      0 |    278 |     19 |   1 |  609.0 |
        Wizlab |    678 |    678 |      0 |      0 |    325 |   1 |  678.0 |
    Desolation |    922 |    922 |      0 |     90 |    408 |   1 |  922.0 |
               +--------+--------+--------+--------+--------+-----+--------+

Top non-repeatable levels by time:
     D:9: 2490 daAuts
    D:10: 2305 daAuts
     D:8: 2303 daAuts
  Lair:5: 2293 daAuts
  Lair:4: 2232 daAuts
  Tomb:1: 1876 daAuts
    D:12: 1860 daAuts
  Lair:3: 1831 daAuts
Vaults:2: 1777 daAuts
   Dis:7: 1755 daAuts
    D:14: 1699 daAuts
Depths:4: 1668 daAuts
Depths:3: 1639 daAuts
   Elf:3: 1557 daAuts
Vaults:1: 1503 daAuts
